Workbook

Sheet Listings
A1: KZN Listed Entities
A2: Company Name | B2: Issuer Code | C2: Location | D2: Company Description | E2: June 2010 Turnover (R'm) | F2: June 210 Ordinary Shareholders' Interest (R'm) | G2: As a % of Total Turnover | H2: As a % of Total Equity | I2: Total Equity
A3: JSE Main Board
A4: ADAPTIT HOLDINGS LIMITED | B4: ADI | C4: Durban | D4: Adapt IT Holdings Ltd is listed in the computer services sector | E4: 208 | F4: 42 | G4: =E4*1000000/E$20*100 -> 0.29430908 | H4: =F4*1000000/F$20*100 -> 0.15739179 | I4: =H4/100 -> 0.0015739179
A5: ARGENT INDUSTRIAL LIMITED | B5: ART | C5: Durban | D5: Argent Industrial Ltd carries on the business of a holding company. The group derives its income from manufacturing, trading, contracts and renta | E5: 869 | F5: 1276 | G5: =E5*1000000/E$20*100 -> 1.2295894 | H5: =F5*1000000/F$20*100 -> 4.7817126 | I5: =H5/100 -> 0.047817126
A6: BELL EQUIPMENT LIMITED | B6: BEL | C6: Durban | D6: Bell Equipment is Southern Africa's premier provider of earth-moving, construction, mining and materials handling equipment, serving customers across a diverse range of industries. | E6: 1502 | F6: 1404 | G6: =E6*1000000/E$20*100 -> 2.1252512 | H6: =F6*1000000/F$20*100 -> 5.2613828 | I6: =H6/100 -> 0.052613828
A7: GRINDROD LIMITED | B7: GND | C7: Durban | D7: Grindrod is a holding company principally investing in subsidiaries, joint ventures and associates, operating in four business divisions, Shipping, Trading, Freight Services and Financial Services. | E7: 14884 | F7: 6220 | G7: =E7*1000000/E$20*100 -> 21.060079 | H7: =F7*1000000/F$20*100 -> 23.308975 | I7: =H7/100 -> 0.23308975
A8: HULAMIN LIMITED | B8: HLM | C8: Pietemaritzburg | D8: The Hulamin group consists of two operations: Hulamin Rolled Products and Hulamin Extrusions. | E8: 2704 | F8: 4506 | G8: =E8*1000000/E$20*100 -> 3.8260181 | H8: =F8*1000000/F$20*100 -> 16.885891 | I8: =H8/100 -> 0.16885891
A9: HWANGE COLLIERY COMPANY LIMITED | B9: HWA | C9: Vryheid | D9: Hwange Colliery is a company that extracts, processes and distributes coal and coal products. | E9: 315 | F9: 399 | G9: =E9*1000000/E$20*100 -> 0.44570846 | H9: =F9*1000000/F$20*100 -> 1.495222 | I9: =H9/100 -> 0.01495222
A10: IFA HOTELS AND RESORTS LIMITED | B10: IFH | C10: Kwadukuza | D10: The group is engaged to invest in land and develop apartments, hotels and timeshare resorts and operates principally in South Africa and Namibia. | E10: 78 | F10: 79 | G10: =E10*1000000/E$20*100 -> 0.11036591 | H10: =F10*1000000/F$20*100 -> 0.29604647 | I10: =H10/100 -> 0.0029604647
A11: MARSHALL MONTEAGLE HLDGS SOC ANON | B11: MTE | C11: Durban | D11: The company is a financial holding company listed in Luxembourg, London and Johannesburg. It functions as a central management company and controls the group's investments in its operating subsidiaries and the administration of investment portfolios. | E11: 1141 | F11: 406 | G11: =E11*1000000/E$20*100 -> 1.6144551 | H11: =F11*1000000/F$20*100 -> 1.521454 | I11: =H11/100 -> 0.01521454
A12: MASONITE (AFRICA) LIMITED | B12: MAS | C12: Durban | D12: Masonite manufactures and distributes hardboard, softboard, door facings, and decorative wall panelling. It also owns and develops plantations and markets mineral fibre ceiling panels and metal grid systems. | E12: 257 | F12: 369 | G12: =E12*1000000/E$20*100 -> 0.36364151 | H12: =F12*1000000/F$20*100 -> 1.3827993 | I12: =H12/100 -> 0.013827993
A13: MERCHANT & INDUSTRIAL PROP LIMITED | B13: MIP | C13: Durban | D13: Merchant - Industrial Properties Ltd is a property investment company. The group's commercial property portfolio is situated in Durban and Cape Town. It also owns a permanent portfolio of high quality foreign listed shares and operates as a confirming house. | E13: 22 | F13: 122 | G13: =E13*1000000/E$20*100 -> 0.031128845 | H13: =F13*1000000/F$20*100 -> 0.45718568 | I13: =H13/100 -> 0.0045718568
A14: MR PRICE GROUP LIMITED | B14: MPC | C14: Durban | D14: The group operates within the Apparel (Mr Price, Mr Price Sport and Miladys) and Home (Mr Price Home and Sheet Street) markets. | E14: 4887 | F14: 1937 | G14: =E14*1000000/E$20*100 -> 6.9148485 | H14: =F14*1000000/F$20*100 -> 7.2587596 | I14: =H14/100 -> 0.072587596
A15: RAINBOW CHICKEN LIMITED | B15: RBW | C15: Durban | D15: Rainbow Chicken Ltd is the holding company of three principal operating subsidiaries being Rainbow Farms (Pty) Ltd, Rainbow Chicken Foods (Pty) Ltd and Vector Logistics (Pty) Ltd. These subsidiaries enable the group to be a vertically integrated chicken producer. | E15: 3384 | F15: 2695 | G15: =E15*1000000/E$20*100 -> 4.7881824 | H15: =F15*1000000/F$20*100 -> 10.099307 | I15: =H15/100 -> 0.10099307
... A18: TONGAAT HULETT LIMITED | B18: TON | C18: Ballito, Kzn | D18: Tongaat Hulett is an independent agri-processing business which includes integrated components of land management, property development and agriculture. | E18: 4724 | F18: 4253 | G18: =E18*1000000/E$20*100 -> 6.684212 | H18: =F18*1000000/F$20*100 -> 15.937793 | I18: =H18/100 -> 0.15937793
A20: Total | E20: =SUM(E4:E19)*1000000 -> 70674000000 | F20: =SUM(F4:F19)*1000000 -> 26685000000
A22: JSE AltX Board
A23: BIOSCIENCE BRANDS LIMITED | B23: BIO | C23: Durban | D23: BioSci develops and markets health focused consumer packaged products and services | E23: 51 | F23: 44 | G23: =E23*1000000/E$32*100 -> 2.80837 | H23: =F23*1000000/F$32*100 -> 3.313253 | I23: =H23/100 -> 0.03313253
A24: CHEMICAL SPECIALITIES LIMITED | B24: CSP | C24: Balito,KZN | D24: The ChemSpec group is one of Africa's largest paint and coatings companies and manufactures a vast range of high-technology automotive, industrial and decorative paints and related products. | E24: 151 | F24: 195 | G24: =E24*1000000/E$32*100 -> 8.314978 | H24: =F24*1000000/F$32*100 -> 14.683735 | I24: =H24/100 -> 0.14683735
A25: ERBACON INVESTMENT HOLDINGS LIMITED | B25: ERB | C25: Durban | D25: Erbacon provides a comprehensive suite of heavy civil engineering, commercial and industrial building, general construction and plant hire services. | E25: 511 | F25: 322 | G25: =E25*1000000/E$32*100 -> 28.138767 | H25: =F25*1000000/F$32*100 -> 24.246988 | I25: =H25/100 -> 0.24246988
A26: IPSA GROUP PLC | B26: IPS | C26: Dannhauser | D26: IPSA Group PLC and its subsidiaries' ("Group") principal activity is the construction, development and operation of electricity generation assets and the supply of electricity to the wholesale market and major end-users. | E26: 11 | F26: 114 | G26: =E26*1000000/E$32*100 -> 0.60572687 | H26: =F26*1000000/F$32*100 -> 8.5843373 | I26: =H26/100 -> 0.085843373
A27: IMUNITI HOLDINGS LIMITED | B27: IMU | C27: Durban | D27: The group is engaged in the manufacture of high-protein fortified nutritional food products and supplements, as well as pharmaceutical products and complementary natural medicines in South Africa. | E27: 26 | F27: 18 | G27: =E27*1000000/E$32*100 -> 1.4317181 | H27: =F27*1000000/F$32*100 -> 1.3554217 | I27: =H27/100 -> 0.013554217
A28: GOODERSON LEISURE CORPORATION LTD | B28: GDN | C28: Durban | D28: Gooderson is an investment and holding company and operates in the leisure industry. Through investments in subsidiaries, the group operates hotels, a management company, game lodges, touring ventures and timeshare development ventures. | E28: 44 | F28: 138 | G28: =E28*1000000/E$32*100 -> 2.4229075 | H28: =F28*1000000/F$32*100 -> 10.391566 | I28: =H28/100 -> 0.10391566
A29: SANTOVA LOGISTICS LIMITED | B29: SNV | C29: Durban | D29: Santova provides supply chain optimisation solutions to our international and domestic clients, through industry-leading strategic logistics management practices and resources. | E29: 70 | F29: 93 | G29: =E29*1000000/E$32*100 -> 3.8546256 | H29: =F29*1000000/F$32*100 -> 7.003012 | I29: =H29/100 -> 0.07003012
A30: BSI STEEL | B30: BSS | C30: Pietermaritzburg | D30: The BSI group of companies operates in the steel and associated industries with strategically located operations in South Africa, Mauritius, DRC, Zimbabwe, Mozambique and Zambia to service the southern African markets. | E30: 952 | F30: 404 | G30: =E30*1000000/E$32*100 -> 52.422907 | H30: =F30*1000000/F$32*100 -> 30.421687 | I30: =H30/100 -> 0.30421687
A32: Total | E32: =SUM(E23:E31)*1000000 -> 1816000000 | F32: =SUM(F23:F31)*1000000 -> 1328000000

Sheet JSE
A1: Cents | B1: ADI | C1: ART | D1: BEL | E1: GND | F1: HLM | G1: HWA | H1: IFH | I1: MTE | J1: MAS | K1: MIP | L1: MPC | M1: RBW | N1: SAN | O1: SPP | P1: TON | Q1: INDEX
A2: 36770 | B2: 10 | C2: 102 | D2: 965 | E2: 50 | G2: 60 | I2: 1100 | J2: 400 | K2: 150 | L2: 630 | M2: 160 | P2: 3500 | Q2: =B2*Listings!I$4+JSE!C2*Listings!I$5+JSE!D2*Listings!I$6+JSE!E2*Listings!I$7+JSE!F2*Listings!I$8+JSE!G2*Listings!I$9+JSE!H2*Listings!I$10+JSE!I2*Listings!I$11+JSE!J2*Listings!I$12+JSE!K2*Listings!I$13+JSE!L2*Listings!I$14+JSE!M2*Listings!I$15+JSE!N2*Listings!I$16+JSE!O2*Listings!I$17+JSE!P2*Listings!I$18 -> 710.88184
A3: 36800 | B3: 13 | C3: 90 | D3: 800 | E3: 46 | G3: 60 | I3: 1125 | J3: 400 | K3: 150 | L3: 600 | M3: 158 | P3: 3175 | Q3: =B3*Listings!I$4+JSE!C3*Listings!I$5+JSE!D3*Listings!I$6+JSE!E3*Listings!I$7+JSE!F3*Listings!I$8+JSE!G3*Listings!I$9+JSE!H3*Listings!I$10+JSE!I3*Listings!I$11+JSE!J3*Listings!I$12+JSE!K3*Listings!I$13+JSE!L3*Listings!I$14+JSE!M3*Listings!I$15+JSE!N3*Listings!I$16+JSE!O3*Listings!I$17+JSE!P3*Listings!I$18 -> 646.90204
A4: 36831 | B4: 8 | C4: 100 | D4: 675 | E4: 53 | G4: 60 | I4: 1100 | J4: 390 | K4: 200 | L4: 325 | M4: 150 | P4: 3450 | Q4: =B4*Listings!I$4+JSE!C4*Listings!I$5+JSE!D4*Listings!I$6+JSE!E4*Listings!I$7+JSE!F4*Listings!I$8+JSE!G4*Listings!I$9+JSE!H4*Listings!I$10+JSE!I4*Listings!I$11+JSE!J4*Listings!I$12+JSE!K4*Listings!I$13+JSE!L4*Listings!I$14+JSE!M4*Listings!I$15+JSE!N4*Listings!I$16+JSE!O4*Listings!I$17+JSE!P4*Listings!I$18 -> 665.19659
A5: 36861 | B5: 17 | C5: 110 | D5: 780 | E5: 61 | G5: 60 | I5: 1100 | J5: 400 | K5: 200 | L5: 368 | M5: 165 | P5: 3815 | Q5: =B5*Listings!I$4+JSE!C5*Listings!I$5+JSE!D5*Listings!I$6+JSE!E5*Listings!I$7+JSE!F5*Listings!I$8+JSE!G5*Listings!I$9+JSE!H5*Listings!I$10+JSE!I5*Listings!I$11+JSE!J5*Listings!I$12+JSE!K5*Listings!I$13+JSE!L5*Listings!I$14+JSE!M5*Listings!I$15+JSE!N5*Listings!I$16+JSE!O5*Listings!I$17+JSE!P5*Listings!I$18 -> 736.02548
A6: 36892 | B6: 20 | C6: 132 | D6: 760 | E6: 64 | G6: 30 | I6: 1200 | J6: 390 | K6: 200 | L6: 430 | M6: 187 | P6: 4150 | Q6: =B6*Listings!I$4+JSE!C6*Listings!I$5+JSE!D6*Listings!I$6+JSE!E6*Listings!I$7+JSE!F6*Listings!I$8+JSE!G6*Listings!I$9+JSE!H6*Listings!I$10+JSE!I6*Listings!I$11+JSE!J6*Listings!I$12+JSE!K6*Listings!I$13+JSE!L6*Listings!I$14+JSE!M6*Listings!I$15+JSE!N6*Listings!I$16+JSE!O6*Listings!I$17+JSE!P6*Listings!I$18 -> 797.77767
A7: 36923 | B7: 15 | C7: 129 | D7: 720 | E7: 60 | G7: 25 | I7: 1200 | J7: 500 | K7: 200 | L7: 304 | M7: 185 | P7: 4240 | Q7: =B7*Listings!I$4+JSE!C7*Listings!I$5+JSE!D7*Listings!I$6+JSE!E7*Listings!I$7+JSE!F7*Listings!I$8+JSE!G7*Listings!I$9+JSE!H7*Listings!I$10+JSE!I7*Listings!I$11+JSE!J7*Listings!I$12+JSE!K7*Listings!I$13+JSE!L7*Listings!I$14+JSE!M7*Listings!I$15+JSE!N7*Listings!I$16+JSE!O7*Listings!I$17+JSE!P7*Listings!I$18 -> 801.03174
A8: 36951 | B8: 10 | C8: 115 | D8: 635 | E8: 65 | G8: 26 | I8: 1100 | J8: 460 | K8: 200 | L8: 280 | M8: 180 | P8: 4450 | Q8: =B8*Listings!I$4+JSE!C8*Listings!I$5+JSE!D8*Listings!I$6+JSE!E8*Listings!I$7+JSE!F8*Listings!I$8+JSE!G8*Listings!I$9+JSE!H8*Listings!I$10+JSE!I8*Listings!I$11+JSE!J8*Listings!I$12+JSE!K8*Listings!I$13+JSE!L8*Listings!I$14+JSE!M8*Listings!I$15+JSE!N8*Listings!I$16+JSE!O8*Listings!I$17+JSE!P8*Listings!I$18 -> 826.21038
A9: 36982 | B9: 14 | C9: 120 | D9: 711 | E9: 68 | G9: 24 | I9: 1050 | J9: 531 | K9: 200 | L9: 285 | M9: 183 | P9: 4115 | Q9: =B9*Listings!I$4+JSE!C9*Listings!I$5+JSE!D9*Listings!I$6+JSE!E9*Listings!I$7+JSE!F9*Listings!I$8+JSE!G9*Listings!I$9+JSE!H9*Listings!I$10+JSE!I9*Listings!I$11+JSE!J9*Listings!I$12+JSE!K9*Listings!I$13+JSE!L9*Listings!I$14+JSE!M9*Listings!I$15+JSE!N9*Listings!I$16+JSE!O9*Listings!I$17+JSE!P9*Listings!I$18 -> 778.61915
A10: 37012 | B10: 18 | C10: 132 | D10: 720 | E10: 70 | G10: 22 | I10: 1050 | J10: 525 | K10: 200 | L10: 324 | M10: 216 | P10: 4300 | Q10: =B10*Listings!I$4+JSE!C10*Listings!I$5+JSE!D10*Listings!I$6+JSE!E10*Listings!I$7+JSE!F10*Listings!I$8+JSE!G10*Listings!I$9+JSE!H10*Listings!I$10+JSE!I10*Listings!I$11+JSE!J10*Listings!I$12+JSE!K10*Listings!I$13+JSE!L10*Listings!I$14+JSE!M10*Listings!I$15+JSE!N10*Listings!I$16+JSE!O10*Listings!I$17+JSE!P10*Listings!I$18 -> 815.67469
A11: 37043 | B11: 15 | C11: 145 | D11: 780 | E11: 67 | G11: 25 | I11: 1200 | J11: 550 | K11: 200 | L11: 406 | M11: 225 | P11: 4250 | Q11: =B11*Listings!I$4+JSE!C11*Listings!I$5+JSE!D11*Listings!I$6+JSE!E11*Listings!I$7+JSE!F11*Listings!I$8+JSE!G11*Listings!I$9+JSE!H11*Listings!I$10+JSE!I11*Listings!I$11+JSE!J11*Listings!I$12+JSE!K11*Listings!I$13+JSE!L11*Listings!I$14+JSE!M11*Listings!I$15+JSE!N11*Listings!I$16+JSE!O11*Listings!I$17+JSE!P11*Listings!I$18 -> 820.31411
A12: 37073 | B12: 7 | C12: 145 | D12: 830 | E12: 63 | G12: 26 | I12: 1220 | J12: 555 | K12: 208 | L12: 420 | M12: 238 | P12: 4545 | Q12: =B12*Listings!I$4+JSE!C12*Listings!I$5+JSE!D12*Listings!I$6+JSE!E12*Listings!I$7+JSE!F12*Listings!I$8+JSE!G12*Listings!I$9+JSE!H12*Listings!I$10+JSE!I12*Listings!I$11+JSE!J12*Listings!I$12+JSE!K12*Listings!I$13+JSE!L12*Listings!I$14+JSE!M12*Listings!I$15+JSE!N12*Listings!I$16+JSE!O12*Listings!I$17+JSE!P12*Listings!I$18 -> 871.77043
A13: 37104 | B13: 15 | C13: 185 | D13: 775 | E13: 79 | G13: 20 | I13: 1220 | J13: 551 | K13: 210 | L13: 500 | M13: 266 | P13: 4775 | Q13: =B13*Listings!I$4+JSE!C13*Listings!I$5+JSE!D13*Listings!I$6+JSE!E13*Listings!I$7+JSE!F13*Listings!I$8+JSE!G13*Listings!I$9+JSE!H13*Listings!I$10+JSE!I13*Listings!I$11+JSE!J13*Listings!I$12+JSE!K13*Listings!I$13+JSE!L13*Listings!I$14+JSE!M13*Listings!I$15+JSE!N13*Listings!I$16+JSE!O13*Listings!I$17+JSE!P13*Listings!I$18 -> 919.68724
... A50: 38231 | B50: 35 | C50: 665 | D50: 630 | E50: 552 | G50: 39 | I50: 1520 | J50: 1250 | K50: 185 | L50: 890 | M50: 610 | P50: 4649 | Q50: =B50*Listings!I$4+JSE!C50*Listings!I$5+JSE!D50*Listings!I$6+JSE!E50*Listings!I$7+JSE!F50*Listings!I$8+JSE!G50*Listings!I$9+JSE!H50*Listings!I$10+JSE!I50*Listings!I$11+JSE!J50*Listings!I$12+JSE!K50*Listings!I$13+JSE!L50*Listings!I$14+JSE!M50*Listings!I$15+JSE!N50*Listings!I$16+JSE!O50*Listings!I$17+JSE!P50*Listings!I$18 -> 1102.6625
A51: 38261 | B51: 35 | C51: 680 | D51: 610 | E51: 610 | G51: 39 | I51: 1520 | J51: 1275 | K51: 176 | L51: 900 | M51: 700 | O51: 2070 | P51: 5000 | Q51: =B51*Listings!I$4+JSE!C51*Listings!I$5+JSE!D51*Listings!I$6+JSE!E51*Listings!I$7+JSE!F51*Listings!I$8+JSE!G51*Listings!I$9+JSE!H51*Listings!I$10+JSE!I51*Listings!I$11+JSE!J51*Listings!I$12+JSE!K51*Listings!I$13+JSE!L51*Listings!I$14+JSE!M51*Listings!I$15+JSE!N51*Listings!I$16+JSE!O51*Listings!I$17+JSE!P51*Listings!I$18 -> 1351.5574
A52: 38292 | B52: 35 | C52: 959 | D52: 620 | E52: 790 | G52: 45 | I52: 1500 | J52: 1375 | K52: 175 | L52: 1130 | M52: 700 | O52: 2115 | P52: 5000 | Q52: =B52*Listings!I$4+JSE!C52*Listings!I$5+JSE!D52*Listings!I$6+JSE!E52*Listings!I$7+JSE!F52*Listings!I$8+JSE!G52*Listings!I$9+JSE!H52*Listings!I$10+JSE!I52*Listings!I$11+JSE!J52*Listings!I$12+JSE!K52*Listings!I$13+JSE!L52*Listings!I$14+JSE!M52*Listings!I$15+JSE!N52*Listings!I$16+JSE!O52*Listings!I$17+JSE!P52*Listings!I$18 -> 1428.9274
A53: 38322 | B53: 37 | C53: 999 | D53: 620 | E53: 790 | G53: 41 | I53: 1400 | J53: 1375 | K53: 175 | L53: 1244 | M53: 750 | O53: 2150 | P53: 5404 | Q53: =B53*Listings!I$4+JSE!C53*Listings!I$5+JSE!D53*Listings!I$6+JSE!E53*Listings!I$7+JSE!F53*Listings!I$8+JSE!G53*Listings!I$9+JSE!H53*Listings!I$10+JSE!I53*Listings!I$11+JSE!J53*Listings!I$12+JSE!K53*Listings!I$13+JSE!L53*Listings!I$14+JSE!M53*Listings!I$15+JSE!N53*Listings!I$16+JSE!O53*Listings!I$17+JSE!P53*Listings!I$18 -> 1509.8438
A54: 38353 | B54: 39 | C54: 1040 | D54: 650 | E54: 812 | G54: 41 | I54: 1400 | J54: 1600 | K54: 175 | L54: 1143 | M54: 790 | O54: 2230 | P54: 6000 | Q54: =B54*Listings!I$4+JSE!C54*Listings!I$5+JSE!D54*Listings!I$6+JSE!E54*Listings!I$7+JSE!F54*Listings!I$8+JSE!G54*Listings!I$9+JSE!H54*Listings!I$10+JSE!I54*Listings!I$11+JSE!J54*Listings!I$12+JSE!K54*Listings!I$13+JSE!L54*Listings!I$14+JSE!M54*Listings!I$15+JSE!N54*Listings!I$16+JSE!O54*Listings!I$17+JSE!P54*Listings!I$18 -> 1619.8793
A55: 38384 | B55: 35 | C55: 1140 | D55: 635 | E55: 938 | G55: 40 | I55: 1400 | J55: 1950 | K55: 175 | L55: 1200 | M55: 670 | O55: 2515 | P55: 6002 | Q55: =B55*Listings!I$4+JSE!C55*Listings!I$5+JSE!D55*Listings!I$6+JSE!E55*Listings!I$7+JSE!F55*Listings!I$8+JSE!G55*Listings!I$9+JSE!H55*Listings!I$10+JSE!I55*Listings!I$11+JSE!J55*Listings!I$12+JSE!K55*Listings!I$13+JSE!L55*Listings!I$14+JSE!M55*Listings!I$15+JSE!N55*Listings!I$16+JSE!O55*Listings!I$17+JSE!P55*Listings!I$18 -> 1673.7542
A56: 38412 | B56: 33 | C56: 1021 | D56: 610 | E56: 880 | G56: 52 | I56: 1400 | J56: 1900 | K56: 177 | L56: 1145 | M56: 650 | O56: 2400 | P56: 5925 | Q56: =B56*Listings!I$4+JSE!C56*Listings!I$5+JSE!D56*Listings!I$6+JSE!E56*Listings!I$7+JSE!F56*Listings!I$8+JSE!G56*Listings!I$9+JSE!H56*Listings!I$10+JSE!I56*Listings!I$11+JSE!J56*Listings!I$12+JSE!K56*Listings!I$13+JSE!L56*Listings!I$14+JSE!M56*Listings!I$15+JSE!N56*Listings!I$16+JSE!O56*Listings!I$17+JSE!P56*Listings!I$18 -> 1625.0142
A57: 38443 | B57: 35 | C57: 995 | D57: 815 | E57: 800 | G57: 70 | I57: 1400 | J57: 1600 | K57: 240 | L57: 1120 | M57: 630 | O57: 2390 | P57: 5450 | Q57: =B57*Listings!I$4+JSE!C57*Listings!I$5+JSE!D57*Listings!I$6+JSE!E57*Listings!I$7+JSE!F57*Listings!I$8+JSE!G57*Listings!I$9+JSE!H57*Listings!I$10+JSE!I57*Listings!I$11+JSE!J57*Listings!I$12+JSE!K57*Listings!I$13+JSE!L57*Listings!I$14+JSE!M57*Listings!I$15+JSE!N57*Listings!I$16+JSE!O57*Listings!I$17+JSE!P57*Listings!I$18 -> 1531.9629
A58: 38473 | B58: 50 | C58: 1026 | D58: 866 | E58: 959 | G58: 60 | I58: 1400 | J58: 1560 | K58: 250 | L58: 1210 | M58: 712 | O58: 2360 | P58: 5900 | Q58: =B58*Listings!I$4+JSE!C58*Listings!I$5+JSE!D58*Listings!I$6+JSE!E58*Listings!I$7+JSE!F58*Listings!I$8+JSE!G58*Listings!I$9+JSE!H58*Listings!I$10+JSE!I58*Listings!I$11+JSE!J58*Listings!I$12+JSE!K58*Listings!I$13+JSE!L58*Listings!I$14+JSE!M58*Listings!I$15+JSE!N58*Listings!I$16+JSE!O58*Listings!I$17+JSE!P58*Listings!I$18 -> 1656.6322
A59: 38504 | B59: 50 | C59: 1044 | D59: 850 | E59: 890 | G59: 60 | I59: 1600 | J59: 1575 | K59: 251 | L59: 1190 | M59: 740 | O59: 2430 | P59: 6000 | Q59: =B59*Listings!I$4+JSE!C59*Listings!I$5+JSE!D59*Listings!I$6+JSE!E59*Listings!I$7+JSE!F59*Listings!I$8+JSE!G59*Listings!I$9+JSE!H59*Listings!I$10+JSE!I59*Listings!I$11+JSE!J59*Listings!I$12+JSE!K59*Listings!I$13+JSE!L59*Listings!I$14+JSE!M59*Listings!I$15+JSE!N59*Listings!I$16+JSE!O59*Listings!I$17+JSE!P59*Listings!I$18 -> 1666.8736
A60: 38534 | B60: 42 | C60: 1110 | D60: 875 | E60: 960 | G60: 60 | I60: 1500 | J60: 1750 | K60: 264 | L60: 1425 | M60: 825 | O60: 2740 | P60: 6520 | Q60: =B60*Listings!I$4+JSE!C60*Listings!I$5+JSE!D60*Listings!I$6+JSE!E60*Listings!I$7+JSE!F60*Listings!I$8+JSE!G60*Listings!I$9+JSE!H60*Listings!I$10+JSE!I60*Listings!I$11+JSE!J60*Listings!I$12+JSE!K60*Listings!I$13+JSE!L60*Listings!I$14+JSE!M60*Listings!I$15+JSE!N60*Listings!I$16+JSE!O60*Listings!I$17+JSE!P60*Listings!I$18 -> 1822.5318
A61: 38565 | B61: 50 | C61: 1200 | D61: 900 | E61: 1102 | G61: 60 | I61: 1510 | J61: 1750 | K61: 262 | L61: 1425 | M61: 850 | O61: 2855 | P61: 6490 | Q61: =B61*Listings!I$4+JSE!C61*Listings!I$5+JSE!D61*Listings!I$6+JSE!E61*Listings!I$7+JSE!F61*Listings!I$8+JSE!G61*Listings!I$9+JSE!H61*Listings!I$10+JSE!I61*Listings!I$11+JSE!J61*Listings!I$12+JSE!K61*Listings!I$13+JSE!L61*Listings!I$14+JSE!M61*Listings!I$15+JSE!N61*Listings!I$16+JSE!O61*Listings!I$17+JSE!P61*Listings!I$18 -> 1868.5735
A62: 38596 | B62: 55 | C62: 1200 | D62: 950 | E62: 1124 | G62: 60 | I62: 1510 | J62: 1900 | K62: 280 | L62: 1470 | M62: 857 | O62: 3090 | P62: 7225 | Q62: =B62*Listings!I$4+JSE!C62*Listings!I$5+JSE!D62*Listings!I$6+JSE!E62*Listings!I$7+JSE!F62*Listings!I$8+JSE!G62*Listings!I$9+JSE!H62*Listings!I$10+JSE!I62*Listings!I$11+JSE!J62*Listings!I$12+JSE!K62*Listings!I$13+JSE!L62*Listings!I$14+JSE!M62*Listings!I$15+JSE!N62*Listings!I$16+JSE!O62*Listings!I$17+JSE!P62*Listings!I$18 -> 2018.8724
... A66: 38718 | B66: 59 | C66: 1270 | D66: 1050 | E66: 1400 | G66: 100 | I66: 2000 | J66: 1785 | K66: 330 | L66: 2000 | M66: 1025 | O66: 3430 | P66: 9745 | Q66: =B66*Listings!I$4+JSE!C66*Listings!I$5+JSE!D66*Listings!I$6+JSE!E66*Listings!I$7+JSE!F66*Listings!I$8+JSE!G66*Listings!I$9+JSE!H66*Listings!I$10+JSE!I66*Listings!I$11+JSE!J66*Listings!I$12+JSE!K66*Listings!I$13+JSE!L66*Listings!I$14+JSE!M66*Listings!I$15+JSE!N66*Listings!I$16+JSE!O66*Listings!I$17+JSE!P66*Listings!I$18 -> 2583.4474
A67: 38749 | B67: 65 | C67: 1370 | D67: 1000 | E67: 1375 | G67: 101 | H67: 555 | I67: 2000 | J67: 1850 | K67: 300 | L67: 2120 | M67: 960 | O67: 3700 | P67: 9200 | Q67: =B67*Listings!I$4+JSE!C67*Listings!I$5+JSE!D67*Listings!I$6+JSE!E67*Listings!I$7+JSE!F67*Listings!I$8+JSE!G67*Listings!I$9+JSE!H67*Listings!I$10+JSE!I67*Listings!I$11+JSE!J67*Listings!I$12+JSE!K67*Listings!I$13+JSE!L67*Listings!I$14+JSE!M67*Listings!I$15+JSE!N67*Listings!I$16+JSE!O67*Listings!I$17+JSE!P67*Listings!I$18 -> 2519.6134
A68: 38777 | B68: 65 | C68: 1445 | D68: 1075 | E68: 1339 | G68: 110 | H68: 500 | I68: 1800 | J68: 2400 | K68: 300 | L68: 2140 | M68: 950 | O68: 3825 | P68: 9915 | Q68: =B68*Listings!I$4+JSE!C68*Listings!I$5+JSE!D68*Listings!I$6+JSE!E68*Listings!I$7+JSE!F68*Listings!I$8+JSE!G68*Listings!I$9+JSE!H68*Listings!I$10+JSE!I68*Listings!I$11+JSE!J68*Listings!I$12+JSE!K68*Listings!I$13+JSE!L68*Listings!I$14+JSE!M68*Listings!I$15+JSE!N68*Listings!I$16+JSE!O68*Listings!I$17+JSE!P68*Listings!I$18 -> 2647.9303
A69: 38808 | B69: 72 | C69: 1432 | D69: 1080 | E69: 1320 | G69: 115 | H69: 450 | I69: 2000 | J69: 1910 | K69: 330 | L69: 2185 | M69: 1080 | O69: 3755 | P69: 9750 | Q69: =B69*Listings!I$4+JSE!C69*Listings!I$5+JSE!D69*Listings!I$6+JSE!E69*Listings!I$7+JSE!F69*Listings!I$8+JSE!G69*Listings!I$9+JSE!H69*Listings!I$10+JSE!I69*Listings!I$11+JSE!J69*Listings!I$12+JSE!K69*Listings!I$13+JSE!L69*Listings!I$14+JSE!M69*Listings!I$15+JSE!N69*Listings!I$16+JSE!O69*Listings!I$17+JSE!P69*Listings!I$18 -> 2623.8464
A70: 38838 | B70: 70 | C70: 1322 | D70: 1170 | E70: 1195 | G70: 105 | H70: 420 | I70: 2000 | J70: 1800 | K70: 390 | L70: 2050 | M70: 1018 | O70: 3356 | P70: 9200 | Q70: =B70*Listings!I$4+JSE!C70*Listings!I$5+JSE!D70*Listings!I$6+JSE!E70*Listings!I$7+JSE!F70*Listings!I$8+JSE!G70*Listings!I$9+JSE!H70*Listings!I$10+JSE!I70*Listings!I$11+JSE!J70*Listings!I$12+JSE!K70*Listings!I$13+JSE!L70*Listings!I$14+JSE!M70*Listings!I$15+JSE!N70*Listings!I$16+JSE!O70*Listings!I$17+JSE!P70*Listings!I$18 -> 2456.278
A71: 38869 | B71: 55 | C71: 1310 | D71: 1320 | E71: 1165 | G71: 105 | H71: 405 | I71: 2000 | J71: 1850 | K71: 350 | L71: 1750 | M71: 960 | N71: 110 | O71: 3455 | P71: 9410 | Q71: =B71*Listings!I$4+JSE!C71*Listings!I$5+JSE!D71*Listings!I$6+JSE!E71*Listings!I$7+JSE!F71*Listings!I$8+JSE!G71*Listings!I$9+JSE!H71*Listings!I$10+JSE!I71*Listings!I$11+JSE!J71*Listings!I$12+JSE!K71*Listings!I$13+JSE!L71*Listings!I$14+JSE!M71*Listings!I$15+JSE!N71*Listings!I$16+JSE!O71*Listings!I$17+JSE!P71*Listings!I$18 -> 2474.2498
A72: 38899 | B72: 60 | C72: 1415 | D72: 1500 | E72: 1209 | G72: 95 | H72: 350 | I72: 1800 | J72: 1950 | K72: 390 | L72: 1835 | M72: 965 | N72: 120 | O72: 3550 | P72: 9900 | Q72: =B72*Listings!I$4+JSE!C72*Listings!I$5+JSE!D72*Listings!I$6+JSE!E72*Listings!I$7+JSE!F72*Listings!I$8+JSE!G72*Listings!I$9+JSE!H72*Listings!I$10+JSE!I72*Listings!I$11+JSE!J72*Listings!I$12+JSE!K72*Listings!I$13+JSE!L72*Listings!I$14+JSE!M72*Listings!I$15+JSE!N72*Listings!I$16+JSE!O72*Listings!I$17+JSE!P72*Listings!I$18 -> 2590.0673
A73: 38930 | B73: 55 | C73: 1415 | D73: 1700 | E73: 1287 | G73: 95 | H73: 385 | I73: 2000 | J73: 1910 | K73: 390 | L73: 1950 | M73: 1009 | N73: 162 | O73: 3740 | P73: 9375 | Q73: =B73*Listings!I$4+JSE!C73*Listings!I$5+JSE!D73*Listings!I$6+JSE!E73*Listings!I$7+JSE!F73*Listings!I$8+JSE!G73*Listings!I$9+JSE!H73*Listings!I$10+JSE!I73*Listings!I$11+JSE!J73*Listings!I$12+JSE!K73*Listings!I$13+JSE!L73*Listings!I$14+JSE!M73*Listings!I$15+JSE!N73*Listings!I$16+JSE!O73*Listings!I$17+JSE!P73*Listings!I$18 -> 2567.2895
A74: 38961 | B74: 55 | C74: 1485 | D74: 1640 | E74: 1410 | G74: 95 | H74: 365 | I74: 1800 | J74: 2490 | K74: 350 | L74: 1900 | M74: 1061 | N74: 160 | O74: 3635 | P74: 8900 | Q74: =B74*Listings!I$4+JSE!C74*Listings!I$5+JSE!D74*Listings!I$6+JSE!E74*Listings!I$7+JSE!F74*Listings!I$8+JSE!G74*Listings!I$9+JSE!H74*Listings!I$10+JSE!I74*Listings!I$11+JSE!J74*Listings!I$12+JSE!K74*Listings!I$13+JSE!L74*Listings!I$14+JSE!M74*Listings!I$15+JSE!N74*Listings!I$16+JSE!O74*Listings!I$17+JSE!P74*Listings!I$18 -> 2518.1383
A75: 38991 | B75: 55 | C75: 1600 | D75: 2160 | E75: 1470 | G75: 70 | H75: 320 | I75: 1800 | J75: 2500 | K75: 385 | L75: 2055 | M75: 1161 | N75: 186 | O75: 3990 | P75: 9500 | Q75: =B75*Listings!I$4+JSE!C75*Listings!I$5+JSE!D75*Listings!I$6+JSE!E75*Listings!I$7+JSE!F75*Listings!I$8+JSE!G75*Listings!I$9+JSE!H75*Listings!I$10+JSE!I75*Listings!I$11+JSE!J75*Listings!I$12+JSE!K75*Listings!I$13+JSE!L75*Listings!I$14+JSE!M75*Listings!I$15+JSE!N75*Listings!I$16+JSE!O75*Listings!I$17+JSE!P75*Listings!I$18 -> 2711.6144
A76: 39022 | B76: 56 | C76: 1579 | D76: 2440 | E76: 1480 | G76: 100 | H76: 330 | I76: 1800 | J76: 2500 | K76: 385 | L76: 2340 | M76: 1246 | N76: 196 | O76: 4200 | P76: 9750 | Q76: =B76*Listings!I$4+JSE!C76*Listings!I$5+JSE!D76*Listings!I$6+JSE!E76*Listings!I$7+JSE!F76*Listings!I$8+JSE!G76*Listings!I$9+JSE!H76*Listings!I$10+JSE!I76*Listings!I$11+JSE!J76*Listings!I$12+JSE!K76*Listings!I$13+JSE!L76*Listings!I$14+JSE!M76*Listings!I$15+JSE!N76*Listings!I$16+JSE!O76*Listings!I$17+JSE!P76*Listings!I$18 -> 2814.7759
A77: 39052 | B77: 60 | C77: 1618 | D77: 2600 | E77: 1560 | G77: 76 | H77: 399 | I77: 1800 | J77: 2500 | K77: 375 | L77: 2524 | M77: 1390 | N77: 195 | O77: 4320 | P77: 11200 | Q77: =B77*Listings!I$4+JSE!C77*Listings!I$5+JSE!D77*Listings!I$6+JSE!E77*Listings!I$7+JSE!F77*Listings!I$8+JSE!G77*Listings!I$9+JSE!H77*Listings!I$10+JSE!I77*Listings!I$11+JSE!J77*Listings!I$12+JSE!K77*Listings!I$13+JSE!L77*Listings!I$14+JSE!M77*Listings!I$15+JSE!N77*Listings!I$16+JSE!O77*Listings!I$17+JSE!P77*Listings!I$18 -> 3112.3144
A78: 39083 | B78: 78 | C78: 1750 | D78: 3045 | E78: 1705 | G78: 80 | H78: 350 | I78: 1600 | J78: 2750 | K78: 550 | L78: 3000 | M78: 1450 | N78: 217 | O78: 4690 | P78: 11900 | Q78: =B78*Listings!I$4+JSE!C78*Listings!I$5+JSE!D78*Listings!I$6+JSE!E78*Listings!I$7+JSE!F78*Listings!I$8+JSE!G78*Listings!I$9+JSE!H78*Listings!I$10+JSE!I78*Listings!I$11+JSE!J78*Listings!I$12+JSE!K78*Listings!I$13+JSE!L78*Listings!I$14+JSE!M78*Listings!I$15+JSE!N78*Listings!I$16+JSE!O78*Listings!I$17+JSE!P78*Listings!I$18 -> 3360.1456
A79: 39114 | B79: 66 | C79: 1742 | D79: 3206 | E79: 1725 | G79: 77 | H79: 345 | I79: 1600 | J79: 3275 | K79: 650 | L79: 2970 | M79: 1275 | N79: 233 | O79: 4501 | P79: 12000 | Q79: =B79*Listings!I$4+JSE!C79*Listings!I$5+JSE!D79*Listings!I$6+JSE!E79*Listings!I$7+JSE!F79*Listings!I$8+JSE!G79*Listings!I$9+JSE!H79*Listings!I$10+JSE!I79*Listings!I$11+JSE!J79*Listings!I$12+JSE!K79*Listings!I$13+JSE!L79*Listings!I$14+JSE!M79*Listings!I$15+JSE!N79*Listings!I$16+JSE!O79*Listings!I$17+JSE!P79*Listings!I$18 -> 3361.6044
A80: 39142 | B80: 68 | C80: 1780 | D80: 3300 | E80: 1700 | G80: 200 | H80: 314 | I80: 1800 | J80: 3497 | K80: 450 | L80: 2980 | M80: 1660 | N80: 290 | O80: 4990 | P80: 12300 | Q80: =B80*Listings!I$4+JSE!C80*Listings!I$5+JSE!D80*Listings!I$6+JSE!E80*Listings!I$7+JSE!F80*Listings!I$8+JSE!G80*Listings!I$9+JSE!H80*Listings!I$10+JSE!I80*Listings!I$11+JSE!J80*Listings!I$12+JSE!K80*Listings!I$13+JSE!L80*Listings!I$14+JSE!M80*Listings!I$15+JSE!N80*Listings!I$16+JSE!O80*Listings!I$17+JSE!P80*Listings!I$18 -> 3498.6743
A81: 39173 | B81: 70 | C81: 1880 | D81: 3855 | E81: 1973 | G81: 200 | H81: 440 | I81: 1800 | J81: 3400 | K81: 590 | L81: 3235 | M81: 1690 | N81: 256 | O81: 5340 | P81: 13900 | Q81: =B81*Listings!I$4+JSE!C81*Listings!I$5+JSE!D81*Listings!I$6+JSE!E81*Listings!I$7+JSE!F81*Listings!I$8+JSE!G81*Listings!I$9+JSE!H81*Listings!I$10+JSE!I81*Listings!I$11+JSE!J81*Listings!I$12+JSE!K81*Listings!I$13+JSE!L81*Listings!I$14+JSE!M81*Listings!I$15+JSE!N81*Listings!I$16+JSE!O81*Listings!I$17+JSE!P81*Listings!I$18 -> 3900.1876
A82: 39203 | B82: 84 | C82: 2115 | D82: 4350 | E82: 2330 | G82: 210 | H82: 425 | I82: 2000 | J82: 3750 | K82: 585 | L82: 3048 | M82: 1660 | N82: 285 | O82: 5250 | P82: 14500 | Q82: =B82*Listings!I$4+JSE!C82*Listings!I$5+JSE!D82*Listings!I$6+JSE!E82*Listings!I$7+JSE!F82*Listings!I$8+JSE!G82*Listings!I$9+JSE!H82*Listings!I$10+JSE!I82*Listings!I$11+JSE!J82*Listings!I$12+JSE!K82*Listings!I$13+JSE!L82*Listings!I$14+JSE!M82*Listings!I$15+JSE!N82*Listings!I$16+JSE!O82*Listings!I$17+JSE!P82*Listings!I$18 -> 4101.174
A83: 39234 | B83: 79 | C83: 2125 | D83: 4060 | E83: 2205 | F83: 3300 | G83: 299 | H83: 400 | I83: 1780 | J83: 3800 | K83: 510 | L83: 2721 | M83: 1605 | N83: 275 | O83: 5300 | P83: 9400 | Q83: =B83*Listings!I$4+JSE!C83*Listings!I$5+JSE!D83*Listings!I$6+JSE!E83*Listings!I$7+JSE!F83*Listings!I$8+JSE!G83*Listings!I$9+JSE!H83*Listings!I$10+JSE!I83*Listings!I$11+JSE!J83*Listings!I$12+JSE!K83*Listings!I$13+JSE!L83*Listings!I$14+JSE!M83*Listings!I$15+JSE!N83*Listings!I$16+JSE!O83*Listings!I$17+JSE!P83*Listings!I$18 -> 3774.4261
A84: 39264 | B84: 70 | C84: 1990 | D84: 4125 | E84: 2375 | F84: 2339 | G84: 375 | H84: 380 | I84: 1900 | J84: 3600 | K84: 510 | L84: 2780 | M84: 1635 | N84: 308 | O84: 5370 | P84: 9250 | Q84: =B84*Listings!I$4+JSE!C84*Listings!I$5+JSE!D84*Listings!I$6+JSE!E84*Listings!I$7+JSE!F84*Listings!I$8+JSE!G84*Listings!I$9+JSE!H84*Listings!I$10+JSE!I84*Listings!I$11+JSE!J84*Listings!I$12+JSE!K84*Listings!I$13+JSE!L84*Listings!I$14+JSE!M84*Listings!I$15+JSE!N84*Listings!I$16+JSE!O84*Listings!I$17+JSE!P84*Listings!I$18 -> 3638.9853
A85: 39295 | B85: 69 | C85: 1950 | D85: 4050 | E85: 2469 | F85: 2490 | G85: 275 | H85: 400 | I85: 3100 | J85: 3800 | K85: 650 | L85: 2675 | M85: 1639 | N85: 315 | O85: 5219 | P85: 10000 | Q85: =B85*Listings!I$4+JSE!C85*Listings!I$5+JSE!D85*Listings!I$6+JSE!E85*Listings!I$7+JSE!F85*Listings!I$8+JSE!G85*Listings!I$9+JSE!H85*Listings!I$10+JSE!I85*Listings!I$11+JSE!J85*Listings!I$12+JSE!K85*Listings!I$13+JSE!L85*Listings!I$14+JSE!M85*Listings!I$15+JSE!N85*Listings!I$16+JSE!O85*Listings!I$17+JSE!P85*Listings!I$18 -> 3800.9079
A86: 39326 | B86: 71 | C86: 2020 | D86: 4801 | E86: 2578 | F86: 2399 | G86: 395 | H86: 350 | I86: 1800 | J86: 4500 | K86: 580 | L86: 2620 | M86: 1610 | N86: 342 | O86: 5511 | P86: 10244 | Q86: =B86*Listings!I$4+JSE!C86*Listings!I$5+JSE!D86*Listings!I$6+JSE!E86*Listings!I$7+JSE!F86*Listings!I$8+JSE!G86*Listings!I$9+JSE!H86*Listings!I$10+JSE!I86*Listings!I$11+JSE!J86*Listings!I$12+JSE!K86*Listings!I$13+JSE!L86*Listings!I$14+JSE!M86*Listings!I$15+JSE!N86*Listings!I$16+JSE!O86*Listings!I$17+JSE!P86*Listings!I$18 -> 3901.7363
A87: 39356 | B87: 72 | C87: 1974 | D87: 5200 | E87: 2516 | F87: 2240 | G87: 410 | H87: 325 | I87: 2000 | J87: 4500 | K87: 590 | L87: 2640 | M87: 1625 | N87: 385 | O87: 5800 | P87: 10180 | Q87: =B87*Listings!I$4+JSE!C87*Listings!I$5+JSE!D87*Listings!I$6+JSE!E87*Listings!I$7+JSE!F87*Listings!I$8+JSE!G87*Listings!I$9+JSE!H87*Listings!I$10+JSE!I87*Listings!I$11+JSE!J87*Listings!I$12+JSE!K87*Listings!I$13+JSE!L87*Listings!I$14+JSE!M87*Listings!I$15+JSE!N87*Listings!I$16+JSE!O87*Listings!I$17+JSE!P87*Listings!I$18 -> 3900.1948
A88: 39387 | B88: 67 | C88: 1895 | D88: 5000 | E88: 2450 | F88: 2150 | G88: 400 | H88: 300 | I88: 2499 | J88: 4700 | K88: 555 | L88: 2175 | M88: 1725 | N88: 318 | O88: 5690 | P88: 9400 | Q88: =B88*Listings!I$4+JSE!C88*Listings!I$5+JSE!D88*Listings!I$6+JSE!E88*Listings!I$7+JSE!F88*Listings!I$8+JSE!G88*Listings!I$9+JSE!H88*Listings!I$10+JSE!I88*Listings!I$11+JSE!J88*Listings!I$12+JSE!K88*Listings!I$13+JSE!L88*Listings!I$14+JSE!M88*Listings!I$15+JSE!N88*Listings!I$16+JSE!O88*Listings!I$17+JSE!P88*Listings!I$18 -> 3706.3121
A89: 39417 | B89: 75 | C89: 1935 | D89: 5300 | E89: 2342 | F89: 2060 | G89: 350 | H89: 300 | I89: 1710 | J89: 4500 | K89: 555 | L89: 2200 | M89: 2000 | N89: 340 | O89: 6030 | P89: 8900 | Q89: =B89*Listings!I$4+JSE!C89*Listings!I$5+JSE!D89*Listings!I$6+JSE!E89*Listings!I$7+JSE!F89*Listings!I$8+JSE!G89*Listings!I$9+JSE!H89*Listings!I$10+JSE!I89*Listings!I$11+JSE!J89*Listings!I$12+JSE!K89*Listings!I$13+JSE!L89*Listings!I$14+JSE!M89*Listings!I$15+JSE!N89*Listings!I$16+JSE!O89*Listings!I$17+JSE!P89*Listings!I$18 -> 3646.5482
A90: 39448 | B90: 52 | C90: 1560 | D90: 4390 | E90: 1995 | F90: 1650 | G90: 333 | H90: 275 | I90: 1700 | J90: 3800 | K90: 555 | L90: 1890 | M90: 1800 | N90: 230 | O90: 5015 | P90: 7415 | Q90: =B90*Listings!I$4+JSE!C90*Listings!I$5+JSE!D90*Listings!I$6+JSE!E90*Listings!I$7+JSE!F90*Listings!I$8+JSE!G90*Listings!I$9+JSE!H90*Listings!I$10+JSE!I90*Listings!I$11+JSE!J90*Listings!I$12+JSE!K90*Listings!I$13+JSE!L90*Listings!I$14+JSE!M90*Listings!I$15+JSE!N90*Listings!I$16+JSE!O90*Listings!I$17+JSE!P90*Listings!I$18 -> 3054.6088
A91: 39479 | B91: 55 | C91: 1800 | D91: 5000 | E91: 2410 | F91: 2250 | G91: 330 | H91: 300 | I91: 1802 | J91: 3440 | K91: 555 | L91: 1975 | M91: 1720 | N91: 260 | O91: 4975 | P91: 8500 | Q91: =B91*Listings!I$4+JSE!C91*Listings!I$5+JSE!D91*Listings!I$6+JSE!E91*Listings!I$7+JSE!F91*Listings!I$8+JSE!G91*Listings!I$9+JSE!H91*Listings!I$10+JSE!I91*Listings!I$11+JSE!J91*Listings!I$12+JSE!K91*Listings!I$13+JSE!L91*Listings!I$14+JSE!M91*Listings!I$15+JSE!N91*Listings!I$16+JSE!O91*Listings!I$17+JSE!P91*Listings!I$18 -> 3461.4601
A92: 39508 | B92: 50 | C92: 1655 | D92: 4610 | E92: 2205 | F92: 2398 | G92: 600 | H92: 300 | I92: 2000 | J92: 3800 | K92: 521 | L92: 1820 | M92: 1460 | N92: 230 | O92: 4850 | P92: 8921 | Q92: =B92*Listings!I$4+JSE!C92*Listings!I$5+JSE!D92*Listings!I$6+JSE!E92*Listings!I$7+JSE!F92*Listings!I$8+JSE!G92*Listings!I$9+JSE!H92*Listings!I$10+JSE!I92*Listings!I$11+JSE!J92*Listings!I$12+JSE!K92*Listings!I$13+JSE!L92*Listings!I$14+JSE!M92*Listings!I$15+JSE!N92*Listings!I$16+JSE!O92*Listings!I$17+JSE!P92*Listings!I$18 -> 3441.5354
A93: 39539 | B93: 45 | C93: 1826 | D93: 4350 | E93: 2586 | F93: 2190 | G93: 710 | H93: 300 | I93: 1650 | J93: 3700 | K93: 510 | L93: 1670 | M93: 1600 | N93: 255 | O93: 5600 | P93: 9110 | Q93: =B93*Listings!I$4+JSE!C93*Listings!I$5+JSE!D93*Listings!I$6+JSE!E93*Listings!I$7+JSE!F93*Listings!I$8+JSE!G93*Listings!I$9+JSE!H93*Listings!I$10+JSE!I93*Listings!I$11+JSE!J93*Listings!I$12+JSE!K93*Listings!I$13+JSE!L93*Listings!I$14+JSE!M93*Listings!I$15+JSE!N93*Listings!I$16+JSE!O93*Listings!I$17+JSE!P93*Listings!I$18 -> 3580.1764
A94: 39569 | B94: 66 | C94: 1603 | D94: 3500 | E94: 2650 | F94: 2340 | G94: 825 | H94: 180 | I94: 1650 | J94: 3800 | K94: 555 | L94: 1600 | M94: 1525 | N94: 210 | O94: 5200 | P94: 9200 | Q94: =B94*Listings!I$4+JSE!C94*Listings!I$5+JSE!D94*Listings!I$6+JSE!E94*Listings!I$7+JSE!F94*Listings!I$8+JSE!G94*Listings!I$9+JSE!H94*Listings!I$10+JSE!I94*Listings!I$11+JSE!J94*Listings!I$12+JSE!K94*Listings!I$13+JSE!L94*Listings!I$14+JSE!M94*Listings!I$15+JSE!N94*Listings!I$16+JSE!O94*Listings!I$17+JSE!P94*Listings!I$18 -> 3535.5975
... A133: 40756 | B133: 64 | C133: 710 | D133: 1471 | E133: 1460 | F133: 700 | G133: 350 | H133: 45 | I133: 1300 | J133: 2500 | K133: 640 | L133: 7375 | M133: 1695 | N133: 28 | O133: 9523 | P133: 9100 | Q133: =B133*Listings!I$4+JSE!C133*Listings!I$5+JSE!D133*Listings!I$6+JSE!E133*Listings!I$7+JSE!F133*Listings!I$8+JSE!G133*Listings!I$9+JSE!H133*Listings!I$10+JSE!I133*Listings!I$11+JSE!J133*Listings!I$12+JSE!K133*Listings!I$13+JSE!L133*Listings!I$14+JSE!M133*Listings!I$15+JSE!N133*Listings!I$16+JSE!O133*Listings!I$17+JSE!P133*Listings!I$18 -> 3570.7528
A135: Annual Averages
A136: Cents | B136: =B1 -> ADI | C136: =C1 -> ART | D136: =D1 -> BEL | E136: =E1 -> GND | F136: =F1 -> HLM | G136: =G1 -> HWA | H136: =H1 -> IFH | I136: =I1 -> MTE | ... Q136: =Q1 -> INDEX
A137: 2000 | B137: =AVERAGE(B2:B5) -> 12 | C137: =AVERAGE(C2:C5) -> 100.5 | D137: =AVERAGE(D2:D5) -> 805 | E137: =AVERAGE(E2:E5) -> 52.5 | G137: =AVERAGE(G2:G5) -> 60 | I137: =AVERAGE(I2:I5) -> 1106.25 | J137: =AVERAGE(J2:J5) -> 397.5 | K137: =AVERAGE(K2:K5) -> 175 | L137: =AVERAGE(L2:L5) -> 480.75 | M137: =AVERAGE(M2:M5) -> 158.25 | P137: =AVERAGE(P2:P5) -> 3485 | Q137: =AVERAGE(Q2:Q5) -> 689.75149
A138: 2001 | B138: =AVERAGE(B6:B17) -> 15.416667 | C138: =AVERAGE(C6:C17) -> 146.5 | D138: =AVERAGE(D6:D17) -> 766.33333 | E138: =AVERAGE(E6:E17) -> 74.416667 | G138: =AVERAGE(G6:G17) -> 23.333333 | I138: =AVERAGE(I6:I17) -> 1206.25 | J138: =AVERAGE(J6:J17) -> 504.75 | K138: =AVERAGE(K6:K17) -> 205 | L138: =AVERAGE(L6:L17) -> 408.75 | M138: =AVERAGE(M6:M17) -> 242.08333 | P138: =AVERAGE(P6:P17) -> 4462.0833 | Q138: =AVERAGE(Q6:Q17) -> 856.58981
A139: 2002 | B139: =AVERAGE(B18:B29) -> 25.75 | C139: =AVERAGE(C18:C29) -> 217 | D139: =AVERAGE(D18:D29) -> 854.41667 | E139: =AVERAGE(E18:E29) -> 121.83333 | G139: =AVERAGE(G18:G29) -> 13.25 | I139: =AVERAGE(I18:I29) -> 1505 | J139: =AVERAGE(J18:J29) -> 888.41667 | K139: =AVERAGE(K18:K29) -> 195.16667 | L139: =AVERAGE(L18:L29) -> 507.41667 | M139: =AVERAGE(M18:M29) -> 274.33333 | P139: =AVERAGE(P18:P29) -> 5151.4167 | Q139: =AVERAGE(Q18:Q29) -> 1005.6024
A140: 2003 | B140: =AVERAGE(B30:B41) -> 25.666667 | C140: =AVERAGE(C30:C41) -> 310.58333 | D140: =AVERAGE(D30:D41) -> 721.33333 | E140: =AVERAGE(E30:E41) -> 160 | G140: =AVERAGE(G30:G41) -> 24.333333 | I140: =AVERAGE(I30:I41) -> 1453.4167 | J140: =AVERAGE(J30:J41) -> 1200.4167 | K140: =AVERAGE(K30:K41) -> 144.08333 | L140: =AVERAGE(L30:L41) -> 603.5 | M140: =AVERAGE(M30:M41) -> 406.25 | P140: =AVERAGE(P30:P41) -> 3454.8333 | Q140: =AVERAGE(Q30:Q41) -> 765.33228
A141: 2004 | B141: =AVERAGE(B42:B53) -> 33 | C141: =AVERAGE(C42:C53) -> 564.08333 | D141: =AVERAGE(D42:D53) -> 722.08333 | E141: =AVERAGE(E42:E53) -> 496.41667 | G141: =AVERAGE(G42:G53) -> 38.916667 | I141: =AVERAGE(I42:I53) -> 1478.3333 | J141: =AVERAGE(J42:J53) -> 1312.1667 | K141: =AVERAGE(K42:K53) -> 170.41667 | L141: =AVERAGE(L42:L53) -> 869.5 | M141: =AVERAGE(M42:M53) -> 589.16667 | O141: =AVERAGE(O42:O53) -> 2111.6667 | P141: =AVERAGE(P42:P53) -> 4573.25 | Q141: =AVERAGE(Q42:Q53) -> 1117.4816
A142: 2005 | B142: =AVERAGE(B54:B65) -> 45.75 | C142: =AVERAGE(C54:C65) -> 1106.0833 | D142: =AVERAGE(D54:D65) -> 835.5 | E142: =AVERAGE(E54:E65) -> 1007.9167 | G142: =AVERAGE(G54:G65) -> 57.333333 | I142: =AVERAGE(I54:I65) -> 1455.8333 | J142: =AVERAGE(J54:J65) -> 1711.6667 | K142: =AVERAGE(K54:K65) -> 242.83333 | L142: =AVERAGE(L54:L65) -> 1359.8333 | M142: =AVERAGE(M54:M65) -> 772.41667 | O142: =AVERAGE(O54:O65) -> 2667.1667 | P142: =AVERAGE(P54:P65) -> 6557.5833 | Q142: =AVERAGE(Q54:Q65) -> 1820.0824
A143: 2006 | B143: =AVERAGE(B66:B77) -> 60.583333 | C143: =AVERAGE(C66:C77) -> 1438.4167 | D143: =AVERAGE(D66:D77) -> 1561.25 | E143: =AVERAGE(E66:E77) -> 1350.8333 | G143: =AVERAGE(G66:G77) -> 97.25 | H143: =AVERAGE(H66:H77) -> 407.18182 | I143: =AVERAGE(I66:I77) -> 1900 | J143: =AVERAGE(J66:J77) -> 2120.4167 | K143: =AVERAGE(K66:K77) -> 356.25 | L143: =AVERAGE(L66:L77) -> 2070.75 | M143: =AVERAGE(M66:M77) -> 1068.75 | N143: =AVERAGE(N66:N77) -> 161.28571 | ... Q143: =AVERAGE(Q66:Q77) -> 2634.9638
A144: 2007 | B144: =AVERAGE(B78:B89) -> 72.416667 | C144: =AVERAGE(C78:C89) -> 1929.6667 | D144: =AVERAGE(D78:D89) -> 4191 | E144: =AVERAGE(E78:E89) -> 2197.3333 | F144: =AVERAGE(F78:F89) -> 2425.4286 | G144: =AVERAGE(G78:G89) -> 272.58333 | H144: =AVERAGE(H78:H89) -> 360.75 | I144: =AVERAGE(I78:I89) -> 1965.75 | ... Q144: =AVERAGE(Q78:Q89) -> 3715.9081
A145: 2008 | B145: =AVERAGE(B90:B101) -> 52.25 | C145: =AVERAGE(C90:C101) -> 1318.9167 | D145: =AVERAGE(D90:D101) -> 3282 | E145: =AVERAGE(E90:E101) -> 2113.4167 | F145: =AVERAGE(F90:F101) -> 1913.5833 | G145: =AVERAGE(G90:G101) -> 586.91667 | H145: =AVERAGE(H90:H101) -> 270.16667 | I145: =AVERAGE(I90:I101) -> 1521.4167 | ... Q145: =AVERAGE(Q90:Q101) -> 3075.4689
A146: 2009 | B146: =AVERAGE(B102:B113) -> 44.166667 | C146: =AVERAGE(C102:C113) -> 848.33333 | D146: =AVERAGE(D102:D113) -> 913.66667 | E146: =AVERAGE(E102:E113) -> 1537.0833 | F146: =AVERAGE(F102:F113) -> 1218.4167 | G146: =AVERAGE(G102:G113) -> 364.5 | H146: =AVERAGE(H102:H113) -> 126.91667 | I146: =AVERAGE(I102:I113) -> 1161.5833 | ... Q146: =AVERAGE(Q102:Q113) -> 2955.6116
A147: 2010 | B147: =AVERAGE(B114:B125) -> 48.916667 | C147: =AVERAGE(C114:C125) -> 903.83333 | D147: =AVERAGE(D114:D125) -> 1010.6667 | E147: =AVERAGE(E114:E125) -> 1604.0833 | F147: =AVERAGE(F114:F125) -> 1019.75 | G147: =AVERAGE(G114:G125) -> 292 | H147: =AVERAGE(H114:H125) -> 91.25 | I147: =AVERAGE(I114:I125) -> 1067.25 | ... Q147: =AVERAGE(Q114:Q125) -> 3568.8911
A148: 2011 | B148: =AVERAGE(B126:B133) -> 69.625 | C148: =AVERAGE(C126:C133) -> 847.75 | D148: =AVERAGE(D126:D133) -> 1354.125 | E148: =AVERAGE(E126:E133) -> 1470 | F148: =AVERAGE(F126:F133) -> 738.375 | G148: =AVERAGE(G126:G133) -> 408.625 | H148: =AVERAGE(H126:H133) -> 48.5 | I148: =AVERAGE(I126:I133) -> 1284.375 | ... Q148: =AVERAGE(Q126:Q133) -> 3604.463
A150: Annual Percentage Changes
A151: cents | B151: =B136 -> ADI | C151: =C136 -> ART | D151: =D136 -> BEL | E151: =E136 -> GND | F151: =F136 -> HLM | G151: =G136 -> HWA | H151: =H136 -> IFH | I151: =I136 -> MTE | ... Q151: =Q136 -> INDEX
A152: 2001 | B152: =(B138-B137)/B137*100 -> 28.472222 | C152: =(C138-C137)/C137*100 -> 45.771144 | D152: =(D138-D137)/D137*100 -> -4.8033126 | E152: =(E138-E137)/E137*100 -> 41.746032 | G152: =(G138-G137)/G137*100 -> -61.111111 | I152: =(I138-I137)/I137*100 -> 9.039548 | J152: =(J138-J137)/J137*100 -> 26.981132 | K152: =(K138-K137)/K137*100 -> 17.142857 | L152: =(L138-L137)/L137*100 -> -14.976599 | M152: =(M138-M137)/M137*100 -> 52.97525 | P152: =(P138-P137)/P137*100 -> 28.036824 | Q152: =(Q138-Q137)/Q137*100 -> 24.188179
A153: 2002 | B153: =(B139-B138)/B138*100 -> 67.027027 | C153: =(C139-C138)/C138*100 -> 48.122867 | D153: =(D139-D138)/D138*100 -> 11.494128 | E153: =(E139-E138)/E138*100 -> 63.717805 | G153: =(G139-G138)/G138*100 -> -43.214286 | I153: =(I139-I138)/I138*100 -> 24.766839 | J153: =(J139-J138)/J138*100 -> 76.011227 | K153: =(K139-K138)/K138*100 -> -4.796748 | L153: =(L139-L138)/L138*100 -> 24.138634 | M153: =(M139-M138)/M138*100 -> 13.321859 | P153: =(P139-P138)/P138*100 -> 15.448688 | Q153: =(Q139-Q138)/Q138*100 -> 17.396027
A154: 2003 | B154: =(B140-B139)/B139*100 -> -0.3236246 | C154: =(C140-C139)/C139*100 -> 43.12596 | D154: =(D140-D139)/D139*100 -> -15.575929 | E154: =(E140-E139)/E139*100 -> 31.326949 | G154: =(G140-G139)/G139*100 -> 83.647799 | I154: =(I140-I139)/I139*100 -> -3.427464 | J154: =(J140-J139)/J139*100 -> 35.118657 | K154: =(K140-K139)/K139*100 -> -26.17421 | L154: =(L140-L139)/L139*100 -> 18.935786 | M154: =(M140-M139)/M139*100 -> 48.08627 | P154: =(P140-P139)/P139*100 -> -32.934306 | Q154: =(Q140-Q139)/Q139*100 -> -23.893154
A155: 2004 | B155: =(B141-B140)/B140*100 -> 28.571429 | C155: =(C141-C140)/C140*100 -> 81.620606 | D155: =(D141-D140)/D140*100 -> 0.10397412 | E155: =(E141-E140)/E140*100 -> 210.26042 | G155: =(G141-G140)/G140*100 -> 59.931507 | I155: =(I141-I140)/I140*100 -> 1.7143512 | J155: =(J141-J140)/J140*100 -> 9.3092676 | K155: =(K141-K140)/K140*100 -> 18.27646 | L155: =(L141-L140)/L140*100 -> 44.076222 | M155: =(M141-M140)/M140*100 -> 45.025641 | P155: =(P141-P140)/P140*100 -> 32.372522 | Q155: =(Q141-Q140)/Q140*100 -> 46.012604
A156: 2005 | B156: =(B142-B141)/B141*100 -> 38.636364 | C156: =(C142-C141)/C141*100 -> 96.085094 | D156: =(D142-D141)/D141*100 -> 15.706867 | E156: =(E142-E141)/E141*100 -> 103.03844 | G156: =(G142-G141)/G141*100 -> 47.32334 | I156: =(I142-I141)/I141*100 -> -1.5219842 | J156: =(J142-J141)/J141*100 -> 30.445828 | K156: =(K142-K141)/K141*100 -> 42.493888 | L156: =(L142-L141)/L141*100 -> 56.392563 | M156: =(M142-M141)/M141*100 -> 31.103253 | O156: =(O142-O141)/O141*100 -> 26.306235 | P156: =(P142-P141)/P141*100 -> 43.390003 | Q156: =(Q142-Q141)/Q141*100 -> 62.873589
A157: 2006 | B157: =(B143-B142)/B142*100 -> 32.422587 | C157: =(C143-C142)/C142*100 -> 30.045958 | D157: =(D143-D142)/D142*100 -> 86.864153 | E157: =(E143-E142)/E142*100 -> 34.022323 | G157: =(G143-G142)/G142*100 -> 69.622093 | I157: =(I143-I142)/I142*100 -> 30.509445 | J157: =(J143-J142)/J142*100 -> 23.880234 | K157: =(K143-K142)/K142*100 -> 46.705559 | L157: =(L143-L142)/L142*100 -> 52.279691 | M157: =(M143-M142)/M142*100 -> 38.364441 | O157: =(O143-O142)/O142*100 -> 40.461164 | P157: =(P143-P142)/P142*100 -> 47.215056 | Q157: =(Q143-Q142)/Q142*100 -> 44.771676
A158: 2007 | B158: =(B144-B143)/B143*100 -> 19.532325 | C158: =(C144-C143)/C143*100 -> 34.152135 | D158: =(D144-D143)/D143*100 -> 168.43875 | E158: =(E144-E143)/E143*100 -> 62.665022 | G158: =(G144-G143)/G143*100 -> 180.29135 | H158: =(H144-H143)/H143*100 -> -11.403215 | I158: =(I144-I143)/I143*100 -> 3.4605263 | J158: =(J144-J143)/J143*100 -> 81.065042 | K158: =(K144-K143)/K143*100 -> 58.479532 | L158: =(L144-L143)/L143*100 -> 32.979194 | M158: =(M144-M143)/M143*100 -> 52.623782 | N158: =(N144-N143)/N143*100 -> 84.145261 | ... Q158: =(Q144-Q143)/Q143*100 -> 41.023118
A159: 2008 | B159: =(B145-B144)/B144*100 -> -27.848101 | C159: =(C145-C144)/C144*100 -> -31.650544 | D159: =(D145-D144)/D144*100 -> -21.689334 | E159: =(E145-E144)/E144*100 -> -3.8190231 | F159: =(F145-F144)/F144*100 -> -21.103291 | G159: =(G145-G144)/G144*100 -> 115.31642 | H159: =(H145-H144)/H144*100 -> -25.109725 | I159: =(I145-I144)/I144*100 -> -22.603756 | ... Q159: =(Q145-Q144)/Q144*100 -> -17.235066
A160: 2009 | B160: =(B146-B145)/B145*100 -> -15.470494 | C160: =(C146-C145)/C145*100 -> -35.679535 | D160: =(D146-D145)/D145*100 -> -72.161284 | E160: =(E146-E145)/E145*100 -> -27.270218 | F160: =(F146-F145)/F145*100 -> -36.328006 | G160: =(G146-G145)/G145*100 -> -37.895783 | H160: =(H146-H145)/H145*100 -> -53.022825 | I160: =(I146-I145)/I145*100 -> -23.651202 | ... Q160: =(Q146-Q145)/Q145*100 -> -3.8972029
A161: 2010 | B161: =(B147-B146)/B146*100 -> 10.754717 | C161: =(C147-C146)/C146*100 -> 6.5422397 | D161: =(D147-D146)/D146*100 -> 10.616563 | E161: =(E147-E146)/E146*100 -> 4.3589049 | F161: =(F147-F146)/F146*100 -> -16.305314 | G161: =(G147-G146)/G146*100 -> -19.890261 | H161: =(H147-H146)/H146*100 -> -28.102429 | I161: =(I147-I146)/I146*100 -> -8.1210991 | ... Q161: =(Q147-Q146)/Q146*100 -> 20.749664
A162: 2011 | B162: =(B148-B147)/B147*100 -> 42.333901 | C162: =(C148-C147)/C147*100 -> -6.2050526 | D162: =(D148-D147)/D147*100 -> 33.983344 | E162: =(E148-E147)/E147*100 -> -8.3588758 | F162: =(F148-F147)/F147*100 -> -27.592547 | G162: =(G148-G147)/G147*100 -> 39.940068 | H162: =(H148-H147)/H147*100 -> -46.849315 | I162: =(I148-I147)/I147*100 -> 20.344343 | ... Q162: =(Q148-Q147)/Q147*100 -> 0.9967216
A189: TOTALS | Q189: TOTAL
A190: Cents | B190: ADI | C190: ART | D190: BEL | E190: GND | F190: HLM | G190: HWA | H190: IFH | I190: MTE | J190: MAS | K190: MIP | L190: MPC | M190: RBW | N190: SAN | O190: SPP | P190: TON
A191: 2000 | B191: =SUM(B2:B5)/4*12 -> 144 | C191: =SUM(C2:C5)/4*12 -> 1206 | D191: =SUM(D2:D5)/4*12 -> 9660 | E191: =SUM(E2:E5)/4*12 -> 630 | F191: =SUM(F2:F5)/4*12 -> 0 | G191: =SUM(G2:G5)/4*12 -> 720 | H191: =SUM(H2:H5)/4*12 -> 0 | I191: =SUM(I2:I5)/4*12 -> 13275 | ... P191: =SUM(P2:P5)/4*12 -> 41820 | Q191: =SUM(B191:P191) -> 81993
A192: 2001 | B192: =SUM(B6:B17) -> 185 | C192: =SUM(C6:C17) -> 1758 | D192: =SUM(D6:D17) -> 9196 | E192: =SUM(E6:E17) -> 893 | F192: =SUM(F6:F17) -> 0 | G192: =SUM(G6:G17) -> 280 | H192: =SUM(H6:H17) -> 0 | I192: =SUM(I6:I17) -> 14475 | ... P192: =SUM(P6:P17) -> 53545 | Q192: =SUM(B192:P192) -> 96659
A193: 2002 | B193: =SUM(B18:B29) -> 309 | C193: =SUM(C18:C29) -> 2604 | D193: =SUM(D18:D29) -> 10253 | E193: =SUM(E18:E29) -> 1462 | F193: =SUM(F18:F29) -> 0 | G193: =SUM(G18:G29) -> 159 | H193: =SUM(H18:H29) -> 0 | I193: =SUM(I18:I29) -> 18060 | ... P193: =SUM(P18:P29) -> 61817 | Q193: =SUM(B193:P193) -> 117048
A194: 2003 | B194: =SUM(B30:B41) -> 308 | C194: =SUM(C30:C41) -> 3727 | D194: =SUM(D30:D41) -> 8656 | E194: =SUM(E30:E41) -> 1920 | F194: =SUM(F30:F41) -> 0 | G194: =SUM(G30:G41) -> 292 | H194: =SUM(H30:H41) -> 0 | I194: =SUM(I30:I41) -> 17441 | ... P194: =SUM(P30:P41) -> 41458 | Q194: =SUM(B194:P194) -> 102053
A195: 2004 | B195: =SUM(B42:B53) -> 396 | C195: =SUM(C42:C53) -> 6769 | D195: =SUM(D42:D53) -> 8665 | E195: =SUM(E42:E53) -> 5957 | F195: =SUM(F42:F53) -> 0 | G195: =SUM(G42:G53) -> 467 | H195: =SUM(H42:H53) -> 0 | I195: =SUM(I42:I53) -> 17740 | ... P195: =SUM(P42:P53) -> 54879 | Q195: =SUM(B195:P195) -> 136503
A196: 2005 | B196: =SUM(B54:B65) -> 549 | C196: =SUM(C54:C65) -> 13273 | D196: =SUM(D54:D65) -> 10026 | E196: =SUM(E54:E65) -> 12095 | F196: =SUM(F54:F65) -> 0 | G196: =SUM(G54:G65) -> 688 | H196: =SUM(H54:H65) -> 0 | I196: =SUM(I54:I65) -> 17470 | ... P196: =SUM(P54:P65) -> 78691 | Q196: =SUM(B196:P196) -> 213839
A197: 2006 | B197: =SUM(B66:B77) -> 727 | C197: =SUM(C66:C77) -> 17261 | D197: =SUM(D66:D77) -> 18735 | E197: =SUM(E66:E77) -> 16210 | F197: =SUM(F66:F77) -> 0 | G197: =SUM(G66:G77) -> 1167 | H197: =SUM(H66:H77) -> 4479 | I197: =SUM(I66:I77) -> 22800 | ... P197: =SUM(P66:P77) -> 115845 | Q197: =SUM(B197:P197) -> 310703
A198: 2007 | B198: =SUM(B78:B89) -> 869 | C198: =SUM(C78:C89) -> 23156 | D198: =SUM(D78:D89) -> 50292 | E198: =SUM(E78:E89) -> 26368 | F198: =SUM(F78:F89) -> 16978 | G198: =SUM(G78:G89) -> 3271 | H198: =SUM(H78:H89) -> 4329 | I198: =SUM(I78:I89) -> 23589 | ... P198: =SUM(P78:P89) -> 131974 | Q198: =SUM(B198:P198) -> 453546
A199: 2008 | B199: =SUM(B90:B101) -> 627 | C199: =SUM(C90:C101) -> 15827 | D199: =SUM(D90:D101) -> 39384 | E199: =SUM(E90:E101) -> 25361 | F199: =SUM(F90:F101) -> 22963 | G199: =SUM(G90:G101) -> 7043 | H199: =SUM(H90:H101) -> 3242 | I199: =SUM(I90:I101) -> 18257 | ... P199: =SUM(P90:P101) -> 90955 | Q199: =SUM(B199:P199) -> 375984
A200: 2009 | B200: =SUM(B102:B113) -> 530 | C200: =SUM(C102:C113) -> 10180 | D200: =SUM(D102:D113) -> 10964 | E200: =SUM(E102:E113) -> 18445 | F200: =SUM(F102:F113) -> 14621 | G200: =SUM(G102:G113) -> 4374 | H200: =SUM(H102:H113) -> 1523 | I200: =SUM(I102:I113) -> 13939 | ... P200: =SUM(P102:P113) -> 102929 | Q200: =SUM(B200:P200) -> 346747
A201: 2010 | B201: =SUM(B114:B125) -> 587 | C201: =SUM(C114:C125) -> 10846 | D201: =SUM(D114:D125) -> 12128 | E201: =SUM(E114:E125) -> 19249 | F201: =SUM(F114:F125) -> 12237 | G201: =SUM(G114:G125) -> 3504 | H201: =SUM(H114:H125) -> 1095 | I201: =SUM(I114:I125) -> 12807 | ... P201: =SUM(P114:P125) -> 123254 | Q201: =SUM(B201:P201) -> 427449
A202: =A162 -> 2011 | B202: =SUM(B126:B133) -> 557 | C202: =SUM(C126:C133) -> 6782 | D202: =SUM(D126:D133) -> 10833 | E202: =SUM(E126:E133) -> 11760 | F202: =SUM(F126:F133) -> 5907 | G202: =SUM(G126:G133) -> 3269 | H202: =SUM(H126:H133) -> 388 | I202: =SUM(I126:I133) -> 10275 | ... Q202: =SUM(Q126:Q133) -> 28835.704
A203: TOTALS | B203: =SUM(B191:B202) -> 5788 | C203: =SUM(C191:C202) -> 113389 | D203: =SUM(D191:D202) -> 198792 | E203: =SUM(E191:E202) -> 140350 | F203: =SUM(F191:F202) -> 72706 | G203: =SUM(G191:G202) -> 25234 | H203: =SUM(H191:H202) -> 15056 | I203: =SUM(I191:I202) -> 200128 | ... Q203: =SUM(Q191:Q202) -> 2691359.7
A206: Proportional Contribution Per Company
A207: cents | B207: ADI | C207: ART | D207: BEL | E207: GND | F207: HLM | G207: HWA | H207: IFH | I207: MTE | J207: MAS | K207: MIP | L207: MPC | M207: RBW | N207: SAN | O207: SPP | P207: TON
...

Sheet AltX
A1: Cents | B1: BIO | C1: CSP | D1: ERB | E1: IPS | F1: IMU | G1: GDN | H1: SNV | I1: BSS | J1: INDEX
A2: 38596 | B2: 74 | H2: 12 | J2: =AltX!B2*Listings!I$23+AltX!C2*Listings!I$24+AltX!D2*Listings!I$25+AltX!E2*Listings!I$26+AltX!F2*Listings!I$27+AltX!G2*Listings!I$28+AltX!H2*Listings!I$29+AltX!I2*Listings!I$30 -> 3.2921687
A3: 38626 | B3: 57 | H3: 10 | J3: =AltX!B3*Listings!I$23+AltX!C3*Listings!I$24+AltX!D3*Listings!I$25+AltX!E3*Listings!I$26+AltX!F3*Listings!I$27+AltX!G3*Listings!I$28+AltX!H3*Listings!I$29+AltX!I3*Listings!I$30 -> 2.5888554
A4: 38657 | B4: 60 | H4: 11 | J4: =AltX!B4*Listings!I$23+AltX!C4*Listings!I$24+AltX!D4*Listings!I$25+AltX!E4*Listings!I$26+AltX!F4*Listings!I$27+AltX!G4*Listings!I$28+AltX!H4*Listings!I$29+AltX!I4*Listings!I$30 -> 2.7582831
A5: 38687 | B5: 45 | H5: 12 | J5: =AltX!B5*Listings!I$23+AltX!C5*Listings!I$24+AltX!D5*Listings!I$25+AltX!E5*Listings!I$26+AltX!F5*Listings!I$27+AltX!G5*Listings!I$28+AltX!H5*Listings!I$29+AltX!I5*Listings!I$30 -> 2.3313253
A6: 38718 | B6: 46 | H6: 13 | J6: =AltX!B6*Listings!I$23+AltX!C6*Listings!I$24+AltX!D6*Listings!I$25+AltX!E6*Listings!I$26+AltX!F6*Listings!I$27+AltX!G6*Listings!I$28+AltX!H6*Listings!I$29+AltX!I6*Listings!I$30 -> 2.434488
A7: 38749 | B7: 50 | H7: 12 | J7: =AltX!B7*Listings!I$23+AltX!C7*Listings!I$24+AltX!D7*Listings!I$25+AltX!E7*Listings!I$26+AltX!F7*Listings!I$27+AltX!G7*Listings!I$28+AltX!H7*Listings!I$29+AltX!I7*Listings!I$30 -> 2.496988
A8: 38777 | B8: 42 | H8: 10 | J8: =AltX!B8*Listings!I$23+AltX!C8*Listings!I$24+AltX!D8*Listings!I$25+AltX!E8*Listings!I$26+AltX!F8*Listings!I$27+AltX!G8*Listings!I$28+AltX!H8*Listings!I$29+AltX!I8*Listings!I$30 -> 2.0918675
A9: 38808 | B9: 44 | H9: 14 | J9: =AltX!B9*Listings!I$23+AltX!C9*Listings!I$24+AltX!D9*Listings!I$25+AltX!E9*Listings!I$26+AltX!F9*Listings!I$27+AltX!G9*Listings!I$28+AltX!H9*Listings!I$29+AltX!I9*Listings!I$30 -> 2.438253
A10: 38838 | B10: 33 | H10: 19 | J10: =AltX!B10*Listings!I$23+AltX!C10*Listings!I$24+AltX!D10*Listings!I$25+AltX!E10*Listings!I$26+AltX!F10*Listings!I$27+AltX!G10*Listings!I$28+AltX!H10*Listings!I$29+AltX!I10*Listings!I$30 -> 2.4239458
A11: 38869 | B11: 40 | H11: 19 | J11: =AltX!B11*Listings!I$23+AltX!C11*Listings!I$24+AltX!D11*Listings!I$25+AltX!E11*Listings!I$26+AltX!F11*Listings!I$27+AltX!G11*Listings!I$28+AltX!H11*Listings!I$29+AltX!I11*Listings!I$30 -> 2.6558735
A12: 38899 | B12: 31 | H12: 17 | J12: =AltX!B12*Listings!I$23+AltX!C12*Listings!I$24+AltX!D12*Listings!I$25+AltX!E12*Listings!I$26+AltX!F12*Listings!I$27+AltX!G12*Listings!I$28+AltX!H12*Listings!I$29+AltX!I12*Listings!I$30 -> 2.2176205
A13: 38930 | B13: 30 | H13: 13 | J13: =AltX!B13*Listings!I$23+AltX!C13*Listings!I$24+AltX!D13*Listings!I$25+AltX!E13*Listings!I$26+AltX!F13*Listings!I$27+AltX!G13*Listings!I$28+AltX!H13*Listings!I$29+AltX!I13*Listings!I$30 -> 1.9043675
A14: 38961 | B14: 25 | G14: 80 | H14: 12 | J14: =AltX!B14*Listings!I$23+AltX!C14*Listings!I$24+AltX!D14*Listings!I$25+AltX!E14*Listings!I$26+AltX!F14*Listings!I$27+AltX!G14*Listings!I$28+AltX!H14*Listings!I$29+AltX!I14*Listings!I$30 -> 9.9819277
A15: 38991 | B15: 29 | E15: 600 | G15: 85 | H15: 17 | J15: =AltX!B15*Listings!I$23+AltX!C15*Listings!I$24+AltX!D15*Listings!I$25+AltX!E15*Listings!I$26+AltX!F15*Listings!I$27+AltX!G15*Listings!I$28+AltX!H15*Listings!I$29+AltX!I15*Listings!I$30 -> 62.490211
A16: 39022 | B16: 20 | E16: 600 | G16: 85 | H16: 14 | J16: =AltX!B16*Listings!I$23+AltX!C16*Listings!I$24+AltX!D16*Listings!I$25+AltX!E16*Listings!I$26+AltX!F16*Listings!I$27+AltX!G16*Listings!I$28+AltX!H16*Listings!I$29+AltX!I16*Listings!I$30 -> 61.981928
A17: 39052 | B17: 20 | E17: 590 | F17: 120 | G17: 86 | H17: 17 | J17: =AltX!B17*Listings!I$23+AltX!C17*Listings!I$24+AltX!D17*Listings!I$25+AltX!E17*Listings!I$26+AltX!F17*Listings!I$27+AltX!G17*Listings!I$28+AltX!H17*Listings!I$29+AltX!I17*Listings!I$30 -> 63.064006
A18: 39083 | B18: 18 | E18: 844 | F18: 98 | G18: 85 | H18: 14 | J18: =AltX!B18*Listings!I$23+AltX!C18*Listings!I$24+AltX!D18*Listings!I$25+AltX!E18*Listings!I$26+AltX!F18*Listings!I$27+AltX!G18*Listings!I$28+AltX!H18*Listings!I$29+AltX!I18*Listings!I$30 -> 84.189759
A19: 39114 | B19: 21 | E19: 1089 | F19: 90 | G19: 95 | H19: 16 | J19: =AltX!B19*Listings!I$23+AltX!C19*Listings!I$24+AltX!D19*Listings!I$25+AltX!E19*Listings!I$26+AltX!F19*Listings!I$27+AltX!G19*Listings!I$28+AltX!H19*Listings!I$29+AltX!I19*Listings!I$30 -> 106.39157
A20: 39142 | B20: 15 | E20: 910 | F20: 50 | G20: 100 | H20: 18 | J20: =AltX!B20*Listings!I$23+AltX!C20*Listings!I$24+AltX!D20*Listings!I$25+AltX!E20*Listings!I$26+AltX!F20*Listings!I$27+AltX!G20*Listings!I$28+AltX!H20*Listings!I$29+AltX!I20*Listings!I$30 -> 90.944277
A21: 39173 | B21: 18 | E21: 1025 | F21: 38 | G21: 100 | H21: 17 | J21: =AltX!B21*Listings!I$23+AltX!C21*Listings!I$24+AltX!D21*Listings!I$25+AltX!E21*Listings!I$26+AltX!F21*Listings!I$27+AltX!G21*Listings!I$28+AltX!H21*Listings!I$29+AltX!I21*Listings!I$30 -> 100.68298
A22: 39203 | B22: 20 | E22: 900 | F22: 35 | G22: 103 | H22: 16 | J22: =AltX!B22*Listings!I$23+AltX!C22*Listings!I$24+AltX!D22*Listings!I$25+AltX!E22*Listings!I$26+AltX!F22*Listings!I$27+AltX!G22*Listings!I$28+AltX!H22*Listings!I$29+AltX!I22*Listings!I$30 -> 90.21988
A23: 39234 | B23: 8 | E23: 910 | F23: 30 | G23: 110 | H23: 14 | J23: =AltX!B23*Listings!I$23+AltX!C23*Listings!I$24+AltX!D23*Listings!I$25+AltX!E23*Listings!I$26+AltX!F23*Listings!I$27+AltX!G23*Listings!I$28+AltX!H23*Listings!I$29+AltX!I23*Listings!I$30 -> 91.200301
A24: 39264 | B24: 8 | E24: 840 | F24: 24 | G24: 103 | H24: 14 | J24: =AltX!B24*Listings!I$23+AltX!C24*Listings!I$24+AltX!D24*Listings!I$25+AltX!E24*Listings!I$26+AltX!F24*Listings!I$27+AltX!G24*Listings!I$28+AltX!H24*Listings!I$29+AltX!I24*Listings!I$30 -> 84.38253
A25: 39295 | B25: 8 | E25: 820 | F25: 18 | G25: 100 | H25: 13 | J25: =AltX!B25*Listings!I$23+AltX!C25*Listings!I$24+AltX!D25*Listings!I$25+AltX!E25*Listings!I$26+AltX!F25*Listings!I$27+AltX!G25*Listings!I$28+AltX!H25*Listings!I$29+AltX!I25*Listings!I$30 -> 82.20256
A26: 39326 | B26: 8 | E26: 700 | F26: 17 | G26: 105 | H26: 11 | J26: =AltX!B26*Listings!I$23+AltX!C26*Listings!I$24+AltX!D26*Listings!I$25+AltX!E26*Listings!I$26+AltX!F26*Listings!I$27+AltX!G26*Listings!I$28+AltX!H26*Listings!I$29+AltX!I26*Listings!I$30 -> 72.267319
A27: 39356 | B27: 8 | E27: 675 | F27: 14 | G27: 108 | H27: 11 | I27: 100 | J27: =AltX!B27*Listings!I$23+AltX!C27*Listings!I$24+AltX!D27*Listings!I$25+AltX!E27*Listings!I$26+AltX!F27*Listings!I$27+AltX!G27*Listings!I$28+AltX!H27*Listings!I$29+AltX!I27*Listings!I$30 -> 100.81401
A28: 39387 | B28: 8 | C28: 114 | E28: 690 | F28: 6 | G28: 95 | H28: 10 | I28: 96 | J28: =AltX!B28*Listings!I$23+AltX!C28*Listings!I$24+AltX!D28*Listings!I$25+AltX!E28*Listings!I$26+AltX!F28*Listings!I$27+AltX!G28*Listings!I$28+AltX!H28*Listings!I$29+AltX!I28*Listings!I$30 -> 116.09488
A29: 39417 | B29: 8 | C29: 110 | D29: 270 | E29: 650 | F29: 14 | G29: 80 | H29: 9 | I29: 89 | J29: =AltX!B29*Listings!I$23+AltX!C29*Listings!I$24+AltX!D29*Listings!I$25+AltX!E29*Listings!I$26+AltX!F29*Listings!I$27+AltX!G29*Listings!I$28+AltX!H29*Listings!I$29+AltX!I29*Listings!I$30 -> 173.89081
A30: 39448 | B30: 8 | C30: 85 | D30: 250 | E30: 1201 | F30: 8 | G30: 78 | H30: 7 | I30: 70 | J30: =AltX!B30*Listings!I$23+AltX!C30*Listings!I$24+AltX!D30*Listings!I$25+AltX!E30*Listings!I$26+AltX!F30*Listings!I$27+AltX!G30*Listings!I$28+AltX!H30*Listings!I$29+AltX!I30*Listings!I$30 -> 206.46084
A31: 39479 | B31: 8 | C31: 110 | D31: 225 | E31: 1249 | F31: 11 | G31: 90 | H31: 7 | I31: 84 | J31: =AltX!B31*Listings!I$23+AltX!C31*Listings!I$24+AltX!D31*Listings!I$25+AltX!E31*Listings!I$26+AltX!F31*Listings!I$27+AltX!G31*Listings!I$28+AltX!H31*Listings!I$29+AltX!I31*Listings!I$30 -> 213.7372
A32: 39508 | B32: 8 | C32: 143 | D32: 250 | E32: 1205 | F32: 9 | G32: 85 | H32: 10 | I32: 90 | J32: =AltX!B32*Listings!I$23+AltX!C32*Listings!I$24+AltX!D32*Listings!I$25+AltX!E32*Listings!I$26+AltX!F32*Listings!I$27+AltX!G32*Listings!I$28+AltX!H32*Listings!I$29+AltX!I32*Listings!I$30 -> 222.35617
A33: 39539 | B33: 8 | C33: 133 | D33: 230 | E33: 1041 | F33: 10 | G33: 85 | H33: 9 | I33: 130 | J33: =AltX!B33*Listings!I$23+AltX!C33*Listings!I$24+AltX!D33*Listings!I$25+AltX!E33*Listings!I$26+AltX!F33*Listings!I$27+AltX!G33*Listings!I$28+AltX!H33*Listings!I$29+AltX!I33*Listings!I$30 -> 214.07229
A34: 39569 | B34: 8 | C34: 135 | D34: 250 | E34: 998 | F34: 8 | G34: 80 | H34: 10 | I34: 125 | J34: =AltX!B34*Listings!I$23+AltX!C34*Listings!I$24+AltX!D34*Listings!I$25+AltX!E34*Listings!I$26+AltX!F34*Listings!I$27+AltX!G34*Listings!I$28+AltX!H34*Listings!I$29+AltX!I34*Listings!I$30 -> 213.52636
A35: 39600 | B35: 8 | C35: 128 | D35: 180 | E35: 1192 | F35: 6 | G35: 75 | H35: 8 | I35: 120 | J35: =AltX!B35*Listings!I$23+AltX!C35*Listings!I$24+AltX!D35*Listings!I$25+AltX!E35*Listings!I$26+AltX!F35*Listings!I$27+AltX!G35*Listings!I$28+AltX!H35*Listings!I$29+AltX!I35*Listings!I$30 -> 209.97139
A36: 39630 | B36: 8 | C36: 112 | D36: 200 | E36: 950 | F36: 11 | G36: 60 | H36: 6 | I36: 100 | J36: =AltX!B36*Listings!I$23+AltX!C36*Listings!I$24+AltX!D36*Listings!I$25+AltX!E36*Listings!I$26+AltX!F36*Listings!I$27+AltX!G36*Listings!I$28+AltX!H36*Listings!I$29+AltX!I36*Listings!I$30 -> 183.98193
A37: 39661 | B37: 8 | C37: 117 | D37: 188 | E37: 760 | F37: 9 | G37: 60 | H37: 7 | I37: 119 | J37: =AltX!B37*Listings!I$23+AltX!C37*Listings!I$24+AltX!D37*Listings!I$25+AltX!E37*Listings!I$26+AltX!F37*Listings!I$27+AltX!G37*Listings!I$28+AltX!H37*Listings!I$29+AltX!I37*Listings!I$30 -> 171.31928
A38: 39692 | B38: 8 | C38: 100 | D38: 198 | E38: 800 | F38: 6 | G38: 60 | H38: 6 | I38: 120 | J38: =AltX!B38*Listings!I$23+AltX!C38*Listings!I$24+AltX!D38*Listings!I$25+AltX!E38*Listings!I$26+AltX!F38*Listings!I$27+AltX!G38*Listings!I$28+AltX!H38*Listings!I$29+AltX!I38*Listings!I$30 -> 174.875
A39: 39722 | B39: 4 | C39: 90 | D39: 150 | E39: 600 | F39: 5 | G39: 65 | H39: 6 | I39: 98 | J39: =AltX!B39*Listings!I$23+AltX!C39*Listings!I$24+AltX!D39*Listings!I$25+AltX!E39*Listings!I$26+AltX!F39*Listings!I$27+AltX!G39*Listings!I$28+AltX!H39*Listings!I$29+AltX!I39*Listings!I$30 -> 138.28012
A40: 39753 | B40: 5 | C40: 80 | D40: 150 | E40: 456 | F40: 4 | G40: 70 | H40: 6 | I40: 85 | J40: =AltX!B40*Listings!I$23+AltX!C40*Listings!I$24+AltX!D40*Listings!I$25+AltX!E40*Listings!I$26+AltX!F40*Listings!I$27+AltX!G40*Listings!I$28+AltX!H40*Listings!I$29+AltX!I40*Listings!I$30 -> 121.03464
... A71: 40695 | B71: 1 | C71: 40 | D71: 65 | E71: 45 | F71: 8 | G71: 37 | H71: 6 | I71: 68 | J71: =AltX!B71*Listings!I$23+AltX!C71*Listings!I$24+AltX!D71*Listings!I$25+AltX!E71*Listings!I$26+AltX!F71*Listings!I$27+AltX!G71*Listings!I$28+AltX!H71*Listings!I$29+AltX!I71*Listings!I$30 -> 50.590361
A72: 40725 | B72: 1 | C72: 52 | D72: 70 | E72: 85 | G72: 45 | H72: 6 | I72: 65 | J72: =AltX!B72*Listings!I$23+AltX!C72*Listings!I$24+AltX!D72*Listings!I$25+AltX!E72*Listings!I$26+AltX!F72*Listings!I$27+AltX!G72*Listings!I$28+AltX!H72*Listings!I$29+AltX!I72*Listings!I$30 -> 56.808735
A73: 40756 | B73: 1 | C73: 43 | D73: 52 | E73: 55 | G73: 40 | H73: 5 | I73: 65 | J73: =AltX!B73*Listings!I$23+AltX!C73*Listings!I$24+AltX!D73*Listings!I$25+AltX!E73*Listings!I$26+AltX!F73*Listings!I$27+AltX!G73*Listings!I$28+AltX!H73*Listings!I$29+AltX!I73*Listings!I$30 -> 47.957831
A75: Annual Averages
A76: Cents | B76: BIO | C76: CSP | D76: ERB | E76: IPS | F76: IMU | G76: GDN | H76: SNV | I76: BSS | J76: INDEX
A77: 2005 | B77: =AVERAGE(B2:B5) -> 59 | H77: =AVERAGE(H2:H5) -> 11.25 | J77: =AVERAGE(J2:J5) -> 2.7426581
A78: 2006 | B78: =AVERAGE(B6:B17) -> 34.166667 | E78: =AVERAGE(E6:E17) -> 596.66667 | F78: =AVERAGE(F6:F17) -> 120 | G78: =AVERAGE(G6:G17) -> 84 | H78: =AVERAGE(H6:H17) -> 14.75 | J78: =AVERAGE(J6:J17) -> 18.015123
A79: 2007 | B79: =AVERAGE(B18:B29) -> 12.333333 | C79: =AVERAGE(C18:C29) -> 112 | D79: =AVERAGE(D18:D29) -> 270 | E79: =AVERAGE(E18:E29) -> 837.75 | F79: =AVERAGE(F18:F29) -> 36.166667 | G79: =AVERAGE(G18:G29) -> 98.666667 | H79: =AVERAGE(H18:H29) -> 13.583333 | I79: =AVERAGE(I18:I29) -> 95 | J79: =AVERAGE(J18:J29) -> 99.440073
A80: 2008 | B80: =AVERAGE(B30:B41) -> 7.1666667 | C80: =AVERAGE(C30:C41) -> 109 | D80: =AVERAGE(D30:D41) -> 201.33333 | E80: =AVERAGE(E30:E41) -> 899.75 | F80: =AVERAGE(F30:F41) -> 7.6666667 | G80: =AVERAGE(G30:G41) -> 72.666667 | H80: =AVERAGE(H30:H41) -> 7.25 | I80: =AVERAGE(I30:I41) -> 102.16667 | J80: =AVERAGE(J30:J41) -> 181.54123
A81: 2009 | B81: =AVERAGE(B42:B53) -> 3.1666667 | C81: =AVERAGE(C42:C53) -> 68.083333 | D81: =AVERAGE(D42:D53) -> 151.66667 | E81: =AVERAGE(E42:E53) -> 185.16667 | F81: =AVERAGE(F42:F53) -> 3.5 | G81: =AVERAGE(G42:G53) -> 62.833333 | H81: =AVERAGE(H42:H53) -> 4.4166667 | I81: =AVERAGE(I42:I53) -> 70.083333 | J81: =AVERAGE(J42:J53) -> 90.978665
A82: 2010 | B82: =AVERAGE(B54:B65) -> 1.25 | C82: =AVERAGE(C54:C65) -> 82 | D82: =AVERAGE(D54:D65) -> 139.5 | E82: =AVERAGE(E54:E65) -> 124.83333 | F82: =AVERAGE(F54:F65) -> 2.5 | G82: =AVERAGE(G54:G65) -> 60.5 | H82: =AVERAGE(H54:H65) -> 4.75 | I82: =AVERAGE(I54:I65) -> 62.083333 | J82: =AVERAGE(J54:J65) -> 82.162964
A83: 2011 | B83: =AVERAGE(B66:B73) -> 1 | C83: =AVERAGE(C66:C73) -> 42.625 | D83: =AVERAGE(D66:D73) -> 89.625 | E83: =AVERAGE(E66:E73) -> 74.125 | F83: =AVERAGE(F66:F73) -> 6 | G83: =AVERAGE(G66:G73) -> 49.25 | H83: =AVERAGE(H66:H73) -> 6.375 | I83: =AVERAGE(I66:I73) -> 69.75 | J83: =AVERAGE(J66:J73) -> 61.230986
A85: Annual Percentage Changes
A86: cents | B86: BIO | C86: CSP | D86: ERB | E86: IPS | F86: IMU | G86: GDN | H86: SNV | I86: BSS | J86: INDEX
A87: 2006 | B87: =(B78-B77)/B77*100 -> -42.090395 | H87: =(H78-H77)/H77*100 -> 31.111111 | J87: =(J78-J77)/J77*100 -> 556.84902
A88: 2007 | B88: =(B79-B78)/B78*100 -> -63.902439 | E88: =(E79-E78)/E78*100 -> 40.405028 | F88: =(F79-F78)/F78*100 -> -69.861111 | G88: =(G79-G78)/G78*100 -> 17.460317 | H88: =(H79-H78)/H78*100 -> -7.9096045 | J88: =(J79-J78)/J78*100 -> 451.98109
A89: 2008 | B89: =(B80-B79)/B79*100 -> -41.891892 | C89: =(C80-C79)/C79*100 -> -2.6785714 | D89: =(D80-D79)/D79*100 -> -25.432099 | E89: =(E80-E79)/E79*100 -> 7.4007759 | F89: =(F80-F79)/F79*100 -> -78.801843 | G89: =(G80-G79)/G79*100 -> -26.351351 | H89: =(H80-H79)/H79*100 -> -46.625767 | I89: =(I80-I79)/I79*100 -> 7.5438596 | J89: =(J80-J79)/J79*100 -> 82.56345
A90: 2009 | B90: =(B81-B80)/B80*100 -> -55.813953 | C90: =(C81-C80)/C80*100 -> -37.538226 | D90: =(D81-D80)/D80*100 -> -24.668874 | E90: =(E81-E80)/E80*100 -> -79.420209 | F90: =(F81-F80)/F80*100 -> -54.347826 | G90: =(G81-G80)/G80*100 -> -13.53211 | H90: =(H81-H80)/H80*100 -> -39.08046 | I90: =(I81-I80)/I80*100 -> -31.402936 | J90: =(J81-J80)/J80*100 -> -49.885397
A91: 2010 | B91: =(B82-B81)/B81*100 -> -60.526316 | C91: =(C82-C81)/C81*100 -> 20.440636 | D91: =(D82-D81)/D81*100 -> -8.021978 | E91: =(E82-E81)/E81*100 -> -32.583258 | F91: =(F82-F81)/F81*100 -> -28.571429 | G91: =(G82-G81)/G81*100 -> -3.7135279 | H91: =(H82-H81)/H81*100 -> 7.5471698 | I91: =(I82-I81)/I81*100 -> -11.414982 | J91: =(J82-J81)/J81*100 -> -9.6898546
A92: 2011 | B92: =(B83-B82)/B82*100 -> -20 | C92: =(C83-C82)/C82*100 -> -48.018293 | D92: =(D83-D82)/D82*100 -> -35.752688 | E92: =(E83-E82)/E82*100 -> -40.620828 | F92: =(F83-F82)/F82*100 -> 140 | G92: =(G83-G82)/G82*100 -> -18.595041 | H92: =(H83-H82)/H82*100 -> 34.210526 | I92: =(I83-I82)/I82*100 -> 12.348993 | J92: =(J83-J82)/J82*100 -> -25.476172
A121: TOTALS | J121: TOTAL
A122: cents | B122: BIO | C122: CSP | D122: ERB | E122: IPS | F122: IMU | G122: GDN | H122: SNV | I122: BSS
A123: 2005 | B123: =SUM(B2:B5)/4*12 -> 708 | C123: =SUM(C2:C5)/4*12 -> 0 | D123: =SUM(D2:D5)/4*12 -> 0 | E123: =SUM(E2:E5)/4*12 -> 0 | F123: =SUM(F2:F5)/4*12 -> 0 | G123: =SUM(G2:G5)/4*12 -> 0 | H123: =SUM(H2:H5)/4*12 -> 135 | I123: =SUM(I2:I5)/4*12 -> 0 | J123: =SUM(B123:I123) -> 843
A124: 2006 | B124: =SUM(B6:B17) -> 410 | C124: =SUM(C6:C17) -> 0 | D124: =SUM(D6:D17) -> 0 | E124: =SUM(E6:E17) -> 1790 | F124: =SUM(F6:F17) -> 120 | G124: =SUM(G6:G17) -> 336 | H124: =SUM(H6:H17) -> 177 | I124: =SUM(I6:I17) -> 0 | J124: =SUM(B124:I124) -> 2833
A125: 2007 | B125: =SUM(B18:B29) -> 148 | C125: =SUM(C18:C29) -> 224 | D125: =SUM(D18:D29) -> 270 | E125: =SUM(E18:E29) -> 10053 | F125: =SUM(F18:F29) -> 434 | G125: =SUM(G18:G29) -> 1184 | H125: =SUM(H18:H29) -> 163 | I125: =SUM(I18:I29) -> 285 | J125: =SUM(B125:I125) -> 12761
A126: 2008 | B126: =SUM(B30:B41) -> 86 | C126: =SUM(C30:C41) -> 1308 | D126: =SUM(D30:D41) -> 2416 | E126: =SUM(E30:E41) -> 10797 | F126: =SUM(F30:F41) -> 92 | G126: =SUM(G30:G41) -> 872 | H126: =SUM(H30:H41) -> 87 | I126: =SUM(I30:I41) -> 1226 | J126: =SUM(B126:I126) -> 16884
A127: 2009 | B127: =SUM(B42:B53) -> 38 | C127: =SUM(C42:C53) -> 817 | D127: =SUM(D42:D53) -> 1820 | E127: =SUM(E42:E53) -> 2222 | F127: =SUM(F42:F53) -> 42 | G127: =SUM(G42:G53) -> 754 | H127: =SUM(H42:H53) -> 53 | I127: =SUM(I42:I53) -> 841 | J127: =SUM(B127:I127) -> 6587
A128: 2010 | B128: =SUM(B54:B65) -> 15 | C128: =SUM(C54:C65) -> 984 | D128: =SUM(D54:D65) -> 1674 | E128: =SUM(E54:E65) -> 1498 | F128: =SUM(F54:F65) -> 30 | G128: =SUM(G54:G65) -> 726 | H128: =SUM(H54:H65) -> 57 | I128: =SUM(I54:I65) -> 745 | J128: =SUM(B128:I128) -> 5729
A129: 2011 | B129: =SUM(B66:B73) -> 8 | C129: =SUM(C66:C73) -> 341 | D129: =SUM(D66:D73) -> 717 | E129: =SUM(E66:E73) -> 593 | F129: =SUM(F66:F73) -> 36 | G129: =SUM(G66:G73) -> 394 | H129: =SUM(H66:H73) -> 51 | I129: =SUM(I66:I73) -> 558 | J129: =SUM(J66:J73) -> 489.84789
A130: TOTALS | B130: =SUM(B123:B129) -> 1413 | C130: =SUM(C123:C129) -> 3674 | D130: =SUM(D123:D129) -> 6897 | E130: =SUM(E123:E129) -> 26953 | F130: =SUM(F123:F129) -> 754 | G130: =SUM(G123:G129) -> 4266 | H130: =SUM(H123:H129) -> 723 | I130: =SUM(I123:I129) -> 3655 | J130: =SUM(J123:J129) -> 46126.848
A132: Proportional Contribution Per Company
A133: cents | B133: BIO | C133: CSP | D133: ERB | E133: IPS | F133: IMU | G133: GDN | H133: SNV | I133: BSS
A134: 2005 | B134: =B123/$J123*100 -> 83.985765 | C134: =C123/$J123*100 -> 0 | D134: =D123/$J123*100 -> 0 | E134: =E123/$J123*100 -> 0 | F134: =F123/$J123*100 -> 0 | G134: =G123/$J123*100 -> 0 | H134: =H123/$J123*100 -> 16.014235 | I134: =I123/$J123*100 -> 0
A135: 2006 | B135: =B124/$J124*100 -> 14.472291 | C135: =C124/$J124*100 -> 0 | D135: =D124/$J124*100 -> 0 | E135: =E124/$J124*100 -> 63.183904 | F135: =F124/$J124*100 -> 4.2357924 | G135: =G124/$J124*100 -> 11.860219 | H135: =H124/$J124*100 -> 6.2477939 | I135: =I124/$J124*100 -> 0
A136: 2007 | B136: =B125/$J125*100 -> 1.1597837 | C136: =C125/$J125*100 -> 1.7553483 | D136: =D125/$J125*100 -> 2.1158216 | E136: =E125/$J125*100 -> 78.779093 | F136: =F125/$J125*100 -> 3.4009874 | G136: =G125/$J125*100 -> 9.2782697 | H136: =H125/$J125*100 -> 1.2773294 | I136: =I125/$J125*100 -> 2.2333673
A137: 2008 | B137: =B126/$J126*100 -> 0.50935797 | C137: =C126/$J126*100 -> 7.7469794 | D137: =D126/$J126*100 -> 14.309405 | E137: =E126/$J126*100 -> 63.948117 | F137: =F126/$J126*100 -> 0.54489457 | G137: =G126/$J126*100 -> 5.1646529 | H137: =H126/$J126*100 -> 0.51528074 | I137: =I126/$J126*100 -> 7.2613125
A138: 2009 | B138: =B127/$J127*100 -> 0.57689388 | C138: =C127/$J127*100 -> 12.403218 | D138: =D127/$J127*100 -> 27.630181 | E138: =E127/$J127*100 -> 33.733111 | F138: =F127/$J127*100 -> 0.63761955 | G138: =G127/$J127*100 -> 11.446789 | H138: =H127/$J127*100 -> 0.80461515 | I138: =I127/$J127*100 -> 12.767572
A139: 2010 | B139: =B128/$J128*100 -> 0.2618258 | C139: =C128/$J128*100 -> 17.175772 | D139: =D128/$J128*100 -> 29.219759 | E139: =E128/$J128*100 -> 26.14767 | F139: =F128/$J128*100 -> 0.5236516 | G139: =G128/$J128*100 -> 12.672369 | H139: =H128/$J128*100 -> 0.99493803 | I139: =I128/$J128*100 -> 13.004015
A140: 2011 | B140: =B129/$J129*100 -> 1.63316 | C140: =C129/$J129*100 -> 69.613447 | D140: =D129/$J129*100 -> 146.37197 | E140: =E129/$J129*100 -> 121.05799 | F140: =F129/$J129*100 -> 7.3492202 | G140: =G129/$J129*100 -> 80.433132 | H140: =H129/$J129*100 -> 10.411395 | I140: =I129/$J129*100 -> 113.91291
A162: Company | B162: Standard deviation | C162: Mean | D162: Median | E162: Skewness
A163: BIO | B163: =STDEV(B87:B92) -> 16.277047 | C163: =AVERAGE(B87:B92) -> -47.370833 | D163: =MEDIAN(B87:B92) -> -48.952174 | E163: =SKEW(B87:B92) -> 0.93358827
A164: CSP | B164: =STDEV(C87:C92) -> 31.5745 | C164: =AVERAGE(C87:C92) -> -16.948613 | D164: =MEDIAN(C87:C92) -> -20.108399 | E164: =SKEW(C87:C92) -> 0.34846283
A165: ERB | B165: =STDEV(D87:D92) -> 11.471602 | C165: =AVERAGE(D87:D92) -> -23.46891 | D165: =MEDIAN(D87:D92) -> -25.050486 | E165: =SKEW(D87:D92) -> 0.80502794
A166: IPS | B166: =STDEV(E87:E92) -> 46.122783 | C166: =AVERAGE(E87:E92) -> -20.963698 | D166: =MEDIAN(E87:E98) -> -32.583258 | E166: =SKEW(E87:E92) -> 0.1911935
A167: IMU | B167: =STDEV(F87:F92) -> 90.530185 | C167: =AVERAGE(F87:F92) -> -18.316442 | D167: =MEDIAN(F87:F92) -> -54.347826 | E167: =SKEW(F87:F92) -> 2.000317
A168: GDN | B168: =STDEV(G87:G92) -> 16.894933 | C168: =AVERAGE(G87:G92) -> -8.9463426 | D168: =MEDIAN(G87:G92) -> -13.53211 | E168: =SKEW(G87:G92) -> 1.0618422
A169: SNV | B169: =STDEV(H87:H92) -> 34.314101 | C169: =AVERAGE(H87:H92) -> -3.4578373 | D169: =MEDIAN(H87:H92) -> -0.18121735 | E169: =SKEW(H87:H92) -> -0.22010628
A170: BSS | B170: =STDEV(I87:I92) -> 19.953814 | C170: =AVERAGE(I87:I92) -> -5.7312664 | D170: =MEDIAN(I87:I92) -> -1.9355613 | E170: =SKEW(I87:I92) -> -0.74282669
A172: =A2 -> 38596 | B172: =J2 -> 3.2921687
A173: =A3 -> 38626 | B173: =J3 -> 2.5888554
A174: =A4 -> 38657 | B174: =J4 -> 2.7582831
A175: =A5 -> 38687 | B175: =J5 -> 2.3313253
A176: =A6 -> 38718 | B176: =J6 -> 2.434488
A177: =A7 -> 38749 | B177: =J7 -> 2.496988
A178: =A8 -> 38777 | B178: =J8 -> 2.0918675
A179: =A9 -> 38808 | B179: =J9 -> 2.438253
A180: =A10 -> 38838 | B180: =J10 -> 2.4239458
A181: =A11 -> 38869 | B181: =J11 -> 2.6558735
A182: =A12 -> 38899 | B182: =J12 -> 2.2176205
A183: =A13 -> 38930 | B183: =J13 -> 1.9043675
...
